Cogmind - Beta 15 @@@ ROGUE MODE // 2025.05.14 @ 19:18:02 Player: Wyvric Result: Destroyed by Executioner with Helical Railgun Performance ------------- Evolutions (8) 4000 Regions Visited (25) 5000 Robots Destroyed (493) 2465 Value Destroyed (26382) 26382 Prototype IDs (73) 1460 Alien Tech Used (2) 400 Bonus (9672) 9672 TOTAL SCORE: 49379 Bonus ------- High Alert Combat Kills 2544 Follower Combat Kills 2978 Network Hubs Disabled 200 Registered with UFD 300 Met Optimus in HQ 500 Met Zhirov 300 Met Warlord at Base 500 MAIN.C Attacked Warlord 500 Warlord Defense Kills 3786 Built Enhanced Grunts 300 A7 Reached Mainframe 300 Met R17 at Cetus 500 Met R17 at Research 2000 Scanned by Researcher 500 Met Optimus at Protoforge 1000 Friendly Fire -6536 Cogmind --------- Core Integrity 0/1450 Matter 300/300 Energy 234/240 System Corruption 22% Temperature Cool (0) Movement Rolling (110) Ox4 Location -2/Protoforge Parts ------- > --- POWER (2) -------- Light Antimatter Reactor Light Antimatter Reactor > --- PROPULSION (6) --- Enhanced Armored Heavy Treads Overtuned Huge Scrapsphere Overtuned Huge Scrapsphere > --- UTILITY (9) ------ 0bPrime Scrap Suit Experimental Cooling System Huge Storage Unit Long-range IFF Parser Experimental Targeting Computer Experimental Core Analyzer Advanced Kinecellerator Makeshift Medium Armor Plating > --- WEAPON (6) ------- Null Cannon Overtuned Coil Gun (fused) Overtuned Coil Gun Overtuned Coil Gun Overtuned Coil Gun Helical Railgun > --- INVENTORY (25) --- Medium Treads Overtuned Medium Treads Enhanced Armored Heavy Treads Enhanced Biometal Leg Experimental Coolant Injector Experimental Coolant Injector Advanced Matter Compressor (400) Experimental Remote Shield Long-range Tractor Beam Transdimensional Reconstructor Potential Cannon KE Penetrator Helical Railgun UFD Drillbomb Peak State ------------ > --- POWER ------------ Vortex Chain Reactor > --- PROPULSION ------- Improved Heavy Treads Armored Heavy Treads Biometal Heavy Treads > --- UTILITY ---------- Advanced Cryofiber Web Huge Storage Unit Enhanced Optical Array Long-range Sensor Array Advanced Signal Interpreter Phase Armor Advanced Force Field System Mapper > --- WEAPON ----------- Cooled Nova Cannon Null Cannon Hypervelocity Railgun Hypervelocity Railgun Hypervelocity Railgun Hypervelocity Railgun > --- INVENTORY -------- Reinforced Antimatter Reactor Improved Heavy Treads Advanced Heavy Siege Treads Advanced Coolant Injector Advanced Matter Compressor Advanced Weapon Cycler Experimental Phase Shifter Makeshift Ablative Armor Improved Component Analysis Suite Long-range Tractor Beam Mapping Drone Bay Transdimensional Reconstructor Plasma Storm Vortex Rail Enhanced Quantum Rifle Hypervelocity Railgun Tesla Bomb Launcher Tesla Bomb Launcher Multitool [Rating: 215] Favorites ----------- Power Reinforced Fission Core Engine Ion Engine Power Core Reinforced Fission Core Reactor Antimatter Reactor Propulsion Centrium Heavy Treads Treads Centrium Heavy Treads Leg Armored Leg Wheel Wheel Utility Huge Storage Unit Device Advanced Heat Sink Storage Huge Storage Unit Processor Improved Signal Interpreter Hackware Advanced System Shield Protection Centrium Medium Armor Plating Artifact Phase Armor Weapon KE Penetrator Energy Gun Plasma Rifle Energy Cannon Heavy Phase Cannon Ballistic Gun KE Penetrator Ballistic Cannon Advanced Assault Cannon Launcher Heavy Shock Bomb Launcher Special Weapon Plasma Cutter Slashing Weapon Mining Claw Special Melee Weapon Improved Datajack Build | -11 -10 -10 -8 -6 -6 -6 -6 -6 -5 -5 -5 -5 -5 -5 -4 -4 -4 -4 -4 -3 -3 -3 -2 -2 -2 ------- Run | Yrd Mat Sub Scr Fac Ext Cet Arc Hub Fac Was Fac Upp Upp Zhi Pro Fac Upp Upp War Pro Res Qua Res Tes Frg Slots Evolved 16 | . . . . 8 . . . . 2 . . . . . . 2 . . . . 2 . 2 . . Power 1 | . . . . . . . . . . . . . . . . 1 . . . . . . . . . Propulsion 4 | . . . . 2 . . . . . . . . . . . . . . . . . . 2 . . Utility 7 | . . . . 4 . . . . 2 . . . . . . . . . . . 1 . . . . Weapon 4 | . . . . 2 . . . . . . . . . . . 1 . . . . 1 . . . . Parts Attached 475 | 8 7 10 11 57 19 18 12 9 14 5 74 2 1 6 1 64 14 8 16 2 19 11 10 16 61 Power 45 | 1 1 1 2 4 4 2 2 1 . . 5 . . 1 . 6 1 2 1 . 1 . . 1 9 Engine 8 | 1 1 . . 1 2 . . . . . 1 . . . . 1 . . . . . . . . 1 Core 18 | . . 1 2 3 2 . 1 . . . 4 . . . . 2 . . 1 . . . . . 2 Reactor 19 | . . . . . . 2 1 1 . . . . . 1 . 3 1 2 . . 1 . . 1 6 Propulsion 81 | 2 1 4 1 12 4 4 2 2 . 1 7 . . 1 . 13 2 3 6 . 3 . 2 3 8 Treads 42 | 2 1 2 1 5 . 2 2 2 . 1 7 . . 1 . 3 . . 1 . 3 . 2 3 4 Leg 33 | . . . . 7 4 2 . . . . . . . . . 10 2 1 5 . . . . . 2 Wheel 6 | . . 2 . . . . . . . . . . . . . . . 2 . . . . . . 2 Hover . | . . . . . . . . . . . . . . . . . . . . . . . . . . Flight . | . . . . . . . . . . . . . . . . . . . . . . . . . . Utility 197 | 2 2 1 4 20 5 6 5 5 10 1 38 2 1 3 1 23 4 2 5 1 14 5 6 8 23 Device 101 | 1 1 . 2 11 2 3 5 1 8 . 17 1 1 1 . 14 3 1 1 . 10 1 1 6 10 Storage 12 | 1 1 . . 1 . . . . . . 2 . . . 1 . 1 . . 1 . . 1 . 3 Processor 24 | . . . . 3 1 . . . 2 . 5 . . 1 . 2 . 1 . . 3 1 . . 5 Hackware 13 | . . . . 1 . . . 3 . 1 3 . . . . 2 . . . . . 1 2 . . Protection 46 | . . 1 2 4 2 3 . 1 . . 11 1 . 1 . 5 . . 4 . 1 1 2 2 5 Artifact 1 | . . . . . . . . . . . . . . . . . . . . . . 1 . . . Weapon 152 | 3 3 4 4 21 6 6 3 1 4 3 24 . . 1 . 22 7 1 4 1 1 6 2 4 21 Energy Gun 58 | 2 2 2 2 3 4 3 1 . . . 9 . . . . 10 5 1 4 . . . . . 10 Energy Cannon 14 | . . . 1 2 . . . . . . 4 . . . . 1 . . . . 1 . 2 2 1 Ballistic Gun 57 | 1 . . . 9 . 2 2 1 4 1 8 . . 1 . 11 2 . . . . 6 . . 9 Ballistic Cannon 10 | . . . 1 4 1 . . . . 2 1 . . . . . . . . . . . . . 1 Launcher 7 | . 1 1 . 2 . . . . . . 1 . . . . . . . . . . . . 2 . Special Weapon 4 | . . . . 1 1 1 . . . . . . . . . . . . . 1 . . . . . Impact Weapon . | . . . . . . . . . . . . . . . . . . . . . . . . . . Slashing Weapon 1 | . . 1 . . . . . . . . . . . . . . . . . . . . . . . Piercing Weapon . | . . . . . . . . . . . . . . . . . . . . . . . . . . Special Melee Weapon 1 | . . . . . . . . . . . 1 . . . . . . . . . . . . . . Unidentified Prototypes 26 | . . . . . . 6 . . . . . . . 4 . . . . 3 . . 1 . 2 10 Corrupted Parts 10 | . . . . . . . 6 . . . 2 . . . . . 1 1 . . . . . . . System Corruption 46 | . . . . . . . 31 . . . 11 . . . . . 2 2 . . . . . . . Parts Lost 121 | . . 5 . 16 3 . . 3 1 8 16 . . . . 27 6 1 1 . 1 1 . 8 24 Power 12 | . . 1 . 1 1 . . . . . 1 . . . . 4 1 . 1 . . . . 1 1 Propulsion 22 | . . 1 . 6 . . . . . 1 3 . . . . 4 2 1 . . . . . . 4 Utility 36 | . . 1 . 4 2 . . 2 1 3 3 . . . . 4 1 . . . 1 1 . 4 9 Weapon 51 | . . 2 . 5 . . . 1 . 4 9 . . . . 15 2 . . . . . . 3 10 Highest Loss Streak 10 | . . 2 . 10 2 . . 3 1 5 4 . . . . 6 5 1 1 . 1 1 . 4 5 To Critical Strikes 2 | . . . . . . . . . . . . . . . . . . . . . . . . . 2 Average Backups 21 | 5 13 24 23 23 24 23 22 22 23 17 22 24 24 24 23 23 19 23 23 23 22 17 18 19 15 Power 1 | . 1 1 1 1 . 1 1 1 . . 1 1 1 1 1 . 1 1 . 1 . 1 1 1 . Propulsion 5 | 3 2 7 6 6 5 2 2 2 3 3 7 7 7 6 8 6 5 6 5 6 6 3 2 2 2 Utility 8 | . 4 5 6 7 5 8 10 9 9 7 8 12 11 7 8 9 8 10 11 11 10 8 9 7 8 Weapon 4 | . 4 9 5 4 9 7 6 6 8 5 3 3 4 7 4 4 1 3 4 3 3 3 2 5 3 Tool/Special . | . . . . . . . . . . . . . . . . . . . . . . . . . . Unused Backups 147 | . 4 5 22 12 3 8 2 . 4 6 18 2 3 3 . 10 2 2 5 1 12 2 1 9 11 Power 14 | . 1 . 4 1 1 3 . . . . 2 . . 1 . . . . . . . . . 1 . Propulsion 37 | . 3 . 2 5 . 1 . . . . 6 1 1 . . 1 2 1 2 . 8 . 1 . 3 Utility 54 | . . 4 7 4 1 1 . . 2 3 6 1 1 1 . 6 . . 1 . 2 1 . 8 5 Weapon 37 | . . 1 8 1 1 3 2 . 2 2 4 . 1 1 . 3 . 1 2 1 2 1 . . 1 Tool/Special 5 | . . . 1 1 . . . . . 1 . . . . . . . . . . . . . . 2 Average Slot Usage (%) 88 | . 99 99 99 98 99 90 78 86 87 61 87 93 94 71 88 91 90 99 83 72 73 78 77 67 74 Engine 1 | . 14 . . 1 3 3 . . . . . . . . . . . . . . . . . . . Core 4 | . . 12 14 4 2 . 3 4 . . 4 5 5 5 5 5 5 . 4 5 2 . . . 1 Reactor 2 | . . . . . . 2 2 1 5 2 . . . . . 4 4 9 5 5 4 4 4 3 4 Treads 9 | . 28 3 . 16 . 4 13 13 11 10 14 17 17 14 11 7 . . . . 1 9 13 13 10 Leg 6 | . . . . 8 26 17 . . . . . . . . . 6 20 20 21 21 16 . . . . Wheel 2 | . . 24 27 . . . . . . . . . . . . . . . . . . . . . 1 Device 13 | . 14 1 4 13 18 7 7 1 23 15 13 15 13 11 17 16 20 20 19 20 22 12 6 13 13 Storage 6 | . 14 14 14 6 6 6 6 6 5 3 4 5 5 5 5 5 5 5 5 5 4 4 4 4 4 Processor 9 | . . . . 9 6 13 13 11 10 8 11 17 17 18 23 15 15 15 11 5 7 9 9 7 7 Hackware 2 | . . . . 5 . . . 10 . . 6 5 5 4 . 1 . . . . . 3 7 4 1 Protection 4 | . . 12 9 1 6 7 8 8 4 2 5 1 2 3 . 2 . . 2 5 2 3 . 2 5 Energy Gun 8 | . 23 25 19 6 6 16 2 . . . 3 . . . 1 6 8 21 12 5 8 1 . 2 8 Energy Cannon 2 | . . . 2 2 . . . 1 3 . 4 10 11 . 3 1 3 . . . . . . 3 4 Ballistic Gun 9 | . 2 . . 15 . 8 19 24 18 13 11 8 11 4 17 17 4 5 . . . 24 24 8 7 Ballistic Cannon 1 | . . . 4 . 18 . . . . . . . . . . . . . . . . . . . . Peak Build Rating 215 | 9 13 17 26 71 75 123 121 124 128 126 109 101 97 99 102 123 112 111 146 142 174 189 203 215 211 Average Rating 98 | 6 10 14 22 60 68 90 111 117 123 87 94 95 94 80 98 111 94 103 113 135 161 176 197 195 178 On Entrance 96 | . 9 13 12 25 67 72 120 121 105 124 31 98 97 95 99 99 79 108 100 142 139 168 188 201 188 Naked Turns 2 | . . . . . . . . . . 2 . . . . . . . . . . . . . . . Heaviest Build 227 | 13 93 94 106 128 153 150 133 139 141 137 144 148 143 134 128 171 146 141 174 174 190 215 214 227 193 Greatest Support 240 | 40 40 43 20 97 76 176 160 160 160 160 150 136 136 150 150 150 82 77 93 93 150 135 210 230 240 Greatest Overweight (x) 8 | . 2 4 8 6 2 2 . 1 . . 1 1 1 1 . 3 3 1 2 1 1 1 1 1 7 Average Overweight (x) 1 | . . 3 4 1 1 1 . . . . . . . . . . 1 1 1 1 1 1 . . 1 Largest Inventory Capacity 35 | 8 25 25 25 25 25 25 25 25 25 25 25 25 25 25 25 25 25 25 25 35 25 25 25 25 25 Average Capacity 24 | 7 16 25 25 25 25 25 25 25 25 19 24 25 25 25 25 25 25 25 25 25 25 25 25 25 25 Most Carried 25 | 7 24 25 25 25 25 25 25 25 25 25 25 25 25 25 25 25 25 25 25 25 25 25 25 25 25 Average Carried 23 | 5 13 24 23 23 24 24 24 24 24 17 22 24 24 24 24 24 20 24 24 24 24 24 24 23 19 Final Capacity 25 | 8 25 25 25 25 25 25 25 25 25 5 25 25 25 25 25 25 25 25 25 25 25 25 25 25 25 Final Carried 25 | 7 24 25 25 24 25 25 25 24 25 5 25 25 24 24 25 23 25 24 25 25 25 25 24 23 25 Class Distribution -------------------- 26% | Scavenger-Skirmisher 22% | Scavenger-Tank 16% | Mutant 8% | Hacker-Executioner 5% | Scavenger-Gunner 3% | Scavenger-Executioner Dominant Class ---------------- Mutant | -10/Materials Mutant | -10/Subcaves Mutant | -8/Scraptown Skirmisher | -6/Factory Scavenger-Tank | -6/Extension Gunner | -6/Cetus Scavenger-Tank | -6/Archives Scavenger-Tank | -6/Hub_04(d) Scavenger-Tank | -5/Factory Scavenger-Tank | -5/Waste Scavenger-Tank | -5/Factory Scavenger-Skirmisher | -5/Upper Caves Scavenger-Skirmisher | -5/Upper Caves Scavenger-Mutant | -5/Zhirov Scavenger-Skirmisher | -4/Proximity Caves Scavenger-Skirmisher | -4/Factory Scavenger-Skirmisher | -4/Upper Caves Scavenger-Skirmisher | -4/Upper Caves Scavenger-Skirmisher | -4/Warlord Scavenger-Skirmisher | -3/Proximity Caves Scavenger-Executioner | -3/Research Hacker-Executioner | -3/Quarantine Hacker-Executioner | -2/Research Hacker-Executioner | -2/Testing Scavenger-Executioner | -2/Protoforge Resources | -11 -10 -10 -8 -6 -6 -6 -6 -6 -5 -5 -5 -5 -5 -5 -4 -4 -4 -4 -4 -3 -3 -3 -2 -2 -2 ----------- Run | Yrd Mat Sub Scr Fac Ext Cet Arc Hub Fac Was Fac Upp Upp Zhi Pro Fac Upp Upp War Pro Res Qua Res Tes Frg Matter Collected 27087 | 322 147 426 391 2520 1790 445 488 659 1084 576 3712 494 41 698 532 4468 716 204 610 130 454 2702 642 1279 1557 Remotely 8851 | . . . . . . . . 173 321 326 1909 . . . 141 2606 . . . . 269 1840 321 945 . Salvage Created 29700 | 149 488 441 . 3867 979 90 521 712 1280 542 3934 620 . 400 223 4975 418 50 1825 651 712 2047 373 1995 2408 Parts 1289 | 12 27 30 . 141 40 7 35 48 47 3 204 14 . 33 1 223 8 5 59 18 22 123 16 81 92 Haulers Intercepted 3 | . 1 . . . . . . . . . 1 . . . . . . . . . . 1 . . . Recyclers Shooed 20 | . . . . 5 2 . . . 1 . 6 . . . . 3 . . . . 1 . 1 1 . Parts Field Recycled 29 | . . . . 14 . . . . . . 15 . . . . . . . . . . . . . . Retrieved Matter 234 | . . . . 98 . . . . . . 136 . . . . . . . . . . . . . . Parts Self-Destructed 74 | . . 5 . . . . . . . . . 1 . 26 1 . 21 9 . 11 . . . . . Prevented 8 | . . . . . . . . . . . . 7 . . . . . 1 . . . . . . . Kills | -11 -10 -10 -8 -6 -6 -6 -6 -6 -5 -5 -5 -5 -5 -5 -4 -4 -4 -4 -4 -3 -3 -3 -2 -2 -2 ------- Run | Yrd Mat Sub Scr Fac Ext Cet Arc Hub Fac Was Fac Upp Upp Zhi Pro Fac Upp Upp War Pro Res Qua Res Tes Frg Combat Hostiles Destroyed 386 | . 11 10 . 49 17 . 1 10 15 2 58 7 . . 2 68 6 1 25 11 9 23 2 22 37 Melee 1 | . . . . . . . . . . . . . . . . 1 . . . . . . . . . Guns 237 | . 10 3 . 34 . . 1 8 15 1 38 1 . . 2 66 3 1 . 1 . 21 1 5 26 Cannons 33 | . . . . . 12 . . . . 1 7 . . . . . 3 . . . . . . 2 8 AOE 86 | . 1 5 . 15 5 . . 2 . . 6 2 . . . 1 . . 23 9 6 2 . 9 . Classes Destroyed 31 | 1 4 3 . 9 1 . . . . 1 1 1 . . 1 2 1 . 2 . . 2 1 . 1 Worker 13 | . . . . 2 2 . . 4 . . 1 . . . . 2 . . . . . . . 1 1 Builder 27 | . . . . 5 1 . . 2 1 . 3 . . . . 6 . . . . 2 4 . 3 . Tunneler 9 | 6 . . . . 1 . . 1 . . . . . . . 1 . . . . . . . . . Hauler 3 | . 1 . . . . . . . . . 1 . . . . . . . . . . 1 . . . Recycler 21 | . . . . 10 3 . . . 2 . 1 . . . . 4 . . . . . . 1 . . Mechanic 3 | . . . . . . . . . . . 2 . . . . 1 . . . . . . . . . Operator 17 | . 2 . . . 1 . 9 1 . . 1 . . . . 1 . . . . . . 1 . 1 Drone 11 | . . . . . . . . . . . . . . . 2 . . . . 2 . . . . 7 Watcher 8 | . . . . 2 . . . . 1 . 3 . . . . . . . . . . 1 . . 1 Swarmer 39 | . 3 1 . 10 4 . . 1 . . 9 . . . . 9 . . . 2 . . . . . Saboteur 1 | . . . . . . . . . . . . . . . . 1 . . . . . . . . . Grunt 145 | . 8 . . 29 8 . . 5 8 . 14 4 . . . 23 2 . 13 4 3 8 . 10 6 Brawler 12 | . . . . 3 . . . . 1 . 2 1 . . . 3 . . . . . . . . 2 Duelist 9 | . . . . 1 . . . . . . 4 1 . . . 1 1 . 1 . . . . . . Protector 4 | . . . . 1 . . . . . . . . . . . . . . 2 . . . . . 1 Researcher 3 | . . . . . . . . . . . . . . . . . . . . . . 1 . 2 . Sentry 26 | . . 1 . . 4 . 1 1 1 . 6 1 . . . 6 . . . 1 1 . 1 . 2 Specialist 5 | . . . . . . . . . . . . . . . . 2 . . 2 . . . . . 1 Hunter 35 | . . . . 2 . . . 1 2 . 9 . . . . 4 2 . . 2 2 4 . 6 1 Programmer 60 | . . . . 3 . . . 1 3 . 14 . . . . 18 . 1 3 . . 10 . 3 4 Q-Series 4 | . . . . . . . . . . . . . . . . . . . . . . . 1 3 . Behemoth 4 | . . . . . 1 . . 1 . . . . . . . 1 . . . . 1 . . . . Compactor 2 | . . . . . . . . . . 2 . . . . . . . . . . . . . . . Striker 10 | . . . . . . . . . . . . . . . . . . . 2 . 2 . . . 6 Executioner 9 | . . . . . . . . . . . . . . . . . . . 2 . . . . . 7 Alpha 7 1 | . . . . . . . . . . . . . . . . . . . . . . 1 . . . Artisan 1 | . . 1 . . . . . . . . . . . . . . . . . . . . . . . Subdweller 8 | . . 8 . . . . . . . . . . . . . . . . . . . . . . . Scrapoid 1 | . . . . . . . . . . . . . . . . . . . . . . . . . 1 Packrat 3 | . . . . . . . . . . . . . . . 3 . . . . . . . . . . Samaritan 1 | . . . . . . . . . . . . 1 . . . . . . . . . . . . . Savage 1 | . . . . . . . 1 . . . . . . . . . . . . . . . . . . Guerrilla 1 | . . . . . 1 . . . . . . . . . . . . . . . . . . . . Mutant 1 | . . . . . . . . . . . . . . . . . 1 . . . . . . . . Best Kill Streak 25 | 3 5 2 . 13 9 . 2 8 7 2 7 3 . . 2 13 2 1 25 3 3 17 1 9 7 Combat Bots Only 25 | . 5 2 . 12 6 . 1 3 4 2 5 3 . . 2 11 2 1 25 3 3 7 1 7 7 Max Kills in Single Turn 8 | 1 2 2 . 4 5 1 1 8 2 1 4 1 . . 1 4 1 1 5 2 2 3 1 3 2 Gunslinging 2 | . 1 . . 1 . . . 1 1 . 1 . . . . 1 . . . . . . . 2 1 Exploded 5 | . 1 2 . 4 3 . . 2 . . 4 1 . . . 1 . . 5 2 1 1 . 3 . Melee 1 | . . . . . . . . . . . . . . . . 1 . . . . . . . . . Uniques/NPCs Destroyed 1 | . . . . . . 1 . . . . . . . . . . . . . . . . . . . A7 (-6/Cetus) Combat | -11 -10 -10 -8 -6 -6 -6 -6 -6 -5 -5 -5 -5 -5 -5 -4 -4 -4 -4 -4 -3 -3 -3 -2 -2 -2 -------- Run | Yrd Mat Sub Scr Fac Ext Cet Arc Hub Fac Was Fac Upp Upp Zhi Pro Fac Upp Upp War Pro Res Qua Res Tes Frg Hostile Shots Fired 3161 | . 43 39 . 304 175 29 17 145 50 7 490 40 . . 2 527 108 4 88 31 48 335 19 279 381 Missed 1040 | . 14 14 . 74 74 10 7 44 16 . 102 14 . . 2 150 35 1 54 22 26 182 4 92 103 Hits 2121 | . 29 25 . 230 101 19 10 101 34 7 388 26 . . . 377 73 3 34 9 22 153 15 187 278 Melee 54 | . . . . 5 . . . . . 7 6 3 . . . 5 2 . . . . . . . 26 Projectile 2067 | . 29 25 . 225 101 19 10 101 34 . 382 23 . . . 372 71 3 34 9 22 153 15 187 252 AOE 14 | . . . . . . . . . . . . . . . . . . . . . . . 1 13 . Critical Strikes 110 | . 1 . . 5 3 2 1 4 . 5 12 . . . . 22 6 . . . 1 13 2 11 22 Actively Blocked 18 | . . . . . . . . . . . . . . . . 12 6 . . . . . . . . Part Disruptions 12 | . . . . 1 . . . 2 . . 2 . . . . 2 . . . . . 4 . 1 . Damage Taken 43504 | . 306 604 . 4018 1140 304 230 1977 478 295 7450 701 . . . 7711 1186 60 510 326 462 1952 379 4000 9415 Core 4138 | . 85 120 . 457 52 . 21 181 15 11 452 19 . . . 596 128 . 25 25 62 429 130 277 1053 Absorbed by Shields 4268 | . . . . 372 144 77 . . 172 15 105 . . . . . . . 401 . 117 1365 161 1183 156 Reduced by Siege Mode 473 | . . . . . . . . . . 55 193 . . . . 88 . . . . . 4 . 75 58 Redirected to Core 456 | . . . . . . . . . . . . . . . . . . . . . . 357 99 . . Ignored by Resistances 527 | . . . . . . 198 . . . . . . . . . 143 186 . . . . . . . . Regen/Repaired (Parts) 2199 | . . . . . . . . . . . 1359 . . . . 662 . . 148 . . . . . 30 Core Remaining (%) 46 | 100 . . 18 . . . . 16 . . . . . . 50 . . . . 32 . 62 . . . Volleys Fired 1402 | 14 36 23 . 151 50 26 28 41 71 26 237 25 9 37 46 172 51 3 20 9 34 60 15 85 133 Largest 6 | 2 2 2 . 4 4 4 4 4 4 4 4 4 1 3 4 5 5 5 1 1 1 6 6 6 6 Hottest 486 | 70 90 90 . 233 260 230 230 140 191 160 346 244 98 91 166 314 310 318 300 300 300 300 240 300 486 Shots Fired 3683 | 28 70 47 . 426 176 97 90 114 160 68 509 44 10 47 73 662 108 18 20 9 34 276 56 140 401 Gun 2856 | 28 68 44 . 367 24 95 90 98 115 63 323 23 1 19 36 621 57 18 20 9 34 276 49 67 311 Cannon 744 | . . . . 50 149 . . 16 45 5 174 9 9 . 37 41 51 . . . . . 7 68 83 Launcher 52 | . 2 3 . 9 3 . . . . . 12 12 . . . . . . . . . . . 5 6 Special 31 | . . . . . . 2 . . . . . . . 28 . . . . . . . . . . 1 Kinetic 2069 | 14 28 . . 301 149 41 42 98 109 66 234 23 1 19 27 436 19 4 . . . 262 48 54 94 Thermal 1244 | 14 28 . . 90 6 40 48 16 51 2 197 9 9 28 44 217 89 14 18 9 13 3 7 81 211 Explosive 17 | . 2 3 . 9 3 . . . . . . . . . . . . . . . . . . . . Electromagnetic 301 | . 12 44 . 26 18 14 . . . . 78 12 . . 2 9 . . . . . . . 5 81 Entropic 50 | . . . . . . . . . . . . . . . . . . . 2 . 21 11 1 . 15 Robot Hit Streak 28 | 16 13 17 . 21 7 20 8 18 23 20 25 25 . 15 4 26 13 4 11 3 10 28 13 20 16 Robot Miss Streak 9 | 3 3 1 . 4 6 5 6 2 3 1 3 2 . 2 2 4 4 3 8 9 6 6 2 4 6 Penetration Max 2 | . . . . . . 1 1 1 1 1 1 . . . . 2 1 . . . . 2 . . 1 Secondary Targets 74 | . 3 2 . 11 . . 1 2 3 1 6 . . . . 22 . . . . . 11 . 3 9 Max Gunslinging Chain 2 | . 1 1 . 2 . . 1 1 2 1 2 . . . . 2 . . . . . 1 . 2 1 Shots Hit Robots 2179 | 21 54 44 . 272 97 78 47 74 87 62 277 27 . 40 13 390 47 10 15 8 14 183 33 51 235 Core Hits 1240 | 6 28 23 . 160 61 20 22 37 41 11 139 16 . 10 8 200 21 4 109 32 37 91 9 60 95 Critical Kills 50 | . . . . 1 . . 3 2 1 . 2 2 . . . 2 . . . . . 24 4 7 2 Critical Parts Destroyed 111 | . . . . . . 3 2 11 5 2 10 1 . . . 12 . . . . . 43 7 12 3 Critical Strikes 218 | 1 5 . . 2 11 4 5 16 6 7 16 3 . 2 . 16 . . . . . 75 13 19 17 Burn 17 | 1 5 . . 1 . . . . . . 2 . . . . . . . . . . . . . 8 Meltdown 2 | . . . . . . . . . . . . 1 . . . . . . . . . . 1 . . Destroy 182 | . . . . 1 . 4 5 16 6 6 12 2 . 2 . 16 . . . . . 75 12 19 6 Blast 13 | . . . . . 10 . . . . 1 1 . . . . . . . . . . . . . 1 Corrupt 3 | . . . . . 1 . . . . . 1 . . . . . . . . . . . . . 1 Detonate 1 | . . . . . . . . . . . . . . . . . . . . . . . . . 1 Melee Attacks 12 | . . 11 . . . . . . . . 1 . . . . . . . . . . . . . . Impact . | . . . . . . . . . . . . . . . . . . . . . . . . . . Slashing 11 | . . 11 . . . . . . . . . . . . . . . . . . . . . . . Piercing . | . . . . . . . . . . . . . . . . . . . . . . . . . . Sneak Attacks 1 | . . . . . . . . . . . 1 . . . . . . . . . . . . . . Combat Hostiles . | . . . . . . . . . . . . . . . . . . . . . . . . . . Follow-up Attacks . | . . . . . . . . . . . . . . . . . . . . . . . . . . Damage Inflicted 77550 | 263 758 884 . 8538 3765 2222 1378 3206 2496 1496 8718 1171 . 559 289 11425 1318 242 6569 1608 2603 1908 315 4479 11340 Guns 44782 | 263 726 548 . 5504 288 2222 1378 2305 2401 1333 5409 323 . 364 289 10685 669 242 138 73 220 1749 223 401 7029 Cannons 9102 | . . . . 32 2602 . . . 62 161 1890 201 . . . . 649 . . . . . 48 777 2680 Explosions 22912 | . 23 336 . 2965 787 . . 854 . . 1350 647 . . . 648 . . 6431 1535 2355 159 . 3218 1604 Melee . | . . . . . . . . . . . . . . . . . . . . . . . . . . Ramming 559 | . 9 . . 37 88 . . 47 33 2 69 . . . . 92 . . . . 28 . 44 83 27 Kinetic 32426 | 113 315 . . 4486 2602 1016 711 2305 2219 1440 4014 323 . 364 245 7719 200 59 . . . 1682 223 297 2093 Thermal 32720 | 150 252 67 . 1472 93 1034 667 101 244 54 2504 282 . 195 . 3303 1118 183 6569 1608 2461 181 48 3461 6673 Explosive 3358 | . . 269 . 2216 787 . . . . . . . . . . 86 . . . . . . . . . Electromagnetic 7957 | . 182 548 . 327 195 172 . 753 . . 2131 566 . . 44 225 . . . . . . . 638 2176 Impact . | . . . . . . . . . . . . . . . . . . . . . . . . . . Slashing . | . . . . . . . . . . . . . . . . . . . . . . . . . . Piercing . | . . . . . . . . . . . . . . . . . . . . . . . . . . Entropic 530 | . . . . . . . . . . . . . . . . . . . . . 114 45 . . 371 Highest Corruption 37 | . 2 2 . 2 . . 12 6 1 1 37 37 27 17 17 12 14 16 16 . . 19 3 15 22 Average Corruption 10 | . 2 2 . 1 . . 6 2 1 1 7 32 25 17 17 6 13 15 16 . . 5 2 6 19 Corruption Purged 57 | . . . . 2 . . 31 . . . 4 10 10 . . . . . . . . . . . . Corruption Blocked . | . . . . . . . . . . . . . . . . . . . . . . . . . . Effects 811 | . 6 24 . 25 . . 19 9 8 1 105 73 49 18 48 68 89 66 2 . . 42 4 49 106 Message Errors 201 | . 4 5 . 4 . . 5 3 2 . 32 14 10 4 11 15 27 21 1 . . 7 1 13 22 Matter Fused 181 | . 1 5 . 6 . . 3 . 4 . 26 20 11 6 13 19 19 13 . . . 5 . 9 21 Heat Flow Errors 90 | . 1 4 . 6 . . 2 1 . . 8 10 9 1 4 6 7 8 . . . 4 . 5 14 Energy Discharges 71 | . . 2 . 2 . . 5 1 . 1 4 5 6 3 4 8 8 5 1 . . 3 2 4 7 Parts Rejected 10 | . . . . . . . . . . . 2 . . . . 1 . . . . . 2 . 1 4 Parts Fused 8 | . . . . . . . . . . . 1 . 1 . 1 1 2 1 . . . . . . 1 Data Loss (minor) 93 | . . 2 . 3 . . 3 2 1 . 10 9 7 2 7 6 12 10 . . . 1 . 8 10 Data Loss (major) 38 | . . 3 . 1 . . . . . . 6 7 1 . 2 3 4 3 . . . 1 . 3 4 Misfires 37 | . . 2 . 2 . . 1 . . . 6 3 2 1 4 2 5 3 . . . 3 . 1 2 Alerts 16 | . . 1 . . . . . . . . 3 1 1 . . 1 2 2 . . . 1 1 2 1 Misdirections 6 | . . . . . . . . . . . . 1 . . 1 . . . . . . . . 1 3 Weapon Failures 60 | . . . . 1 . . . 2 1 . 7 3 1 1 1 6 3 . . . . 15 . 2 17 Overload Shots . | . . . . . . . . . . . . . . . . . . . . . . . . . . Overflow Damage 739 | . . 10 . 166 28 . . 53 24 . 32 5 . . . 95 . . 8 15 8 . . 146 149 Projectiles 241 | . . . . 2 20 . . . . . 16 . . . . . . . . . . . . 109 94 Explosions 498 | . . 10 . 164 8 . . 53 24 . 16 5 . . . 95 . . 8 15 8 . . 37 55 Melee . | . . . . . . . . . . . . . . . . . . . . . . . . . . Knockbacks 14 | . . . . 1 6 . . 1 . . 2 . . . . . . . . . . . . 3 1 Impact 6 | . . . . 1 . . . 1 . . 1 . . . . . . . . . . . . 3 . Kinetic 8 | . . . . . 6 . . . . . 1 . . . . . . . . . . . . . 1 Secondary . | . . . . . . . . . . . . . . . . . . . . . . . . . . Self-Inflicted Damage 2439 | . . . . 314 . . . 101 65 . 249 127 . . . 295 . . 107 144 . 19 . 434 584 Shots 77 | . . . . 4 . . . 1 1 . 9 6 . . . 4 . . 5 6 . 1 . 22 18 Rammed 39 | . 5 . . 4 . . . 3 3 1 7 . . . . 6 . . . . . . 3 4 3 Targets Rammed 56 | . 5 . . 6 10 . . 3 3 1 8 . . . . 7 . . . . 3 . 3 4 3 Kicked 16 | . . . . 2 10 . . . . . . . . . . 1 . . . . 3 . . . . Crushed 1 | . . . . . . . . . . . 1 . . . . . . . . . . . . . . Highest Temperature 456 | 27 259 240 . 319 138 344 144 251 171 38 422 251 240 210 231 454 261 294 200 180 200 219 276 410 456 Average Temperature 79 | 10 55 93 . 80 39 109 21 80 34 15 70 83 93 129 96 91 68 87 140 65 96 62 91 118 101 Received Heat Transfer 5401 | . 135 69 . 1317 351 27 54 264 102 . 652 180 . . . 1114 185 . 61 21 105 100 9 257 398 Effects 24 | . . . . . . 2 . . . . 3 . . . . 13 . . . . . . 1 1 4 Shutdowns 5 | . . . . . . 1 . . . . 1 . . . . 2 . . . . . . . . 1 Energy Bleed 3 | . . . . . . 1 . . . . . . . . . 2 . . . . . . . . . Interference 10 | . . . . . . . . . . . 1 . . . . 8 . . . . . . 1 . . Short Circuit 3 | . . . . . . . . . . . 1 . . . . 1 . . . . . . . 1 . Damage (major) 3 | . . . . . . . . . . . . . . . . . . . . . . . . . 3 Siege Activations 20 | . . . . . . 1 . 2 . 2 6 . . . . 3 . . . . . 1 . 2 3 Total Turns 315 | . . . . . . 7 . 26 . 40 140 . . . . 39 . . . . . 15 . 32 16 Longest Duration 48 | . . . . . . 7 . 13 . 36 48 . . . . 14 . . . . . 15 . 23 8 Martial Activations . | . . . . . . . . . . . . . . . . . . . . . . . . . . Shielding Activations . | . . . . . . . . . . . . . . . . . . . . . . . . . . Robots Disrupted . | . . . . . . . . . . . . . . . . . . . . . . . . . . Combat Hostiles . | . . . . . . . . . . . . . . . . . . . . . . . . . . Robots Corrupted 16 | . . 2 . . . . . . . . 6 3 . . . . . . . . . . . 2 3 Combat Hostiles 16 | . . 2 . . . . . . . . 6 3 . . . . . . . . . . . 2 3 Parts Fried 48 | . 2 6 . . 1 . . 4 . . 12 4 . . 2 2 . . . . . . . 9 6 Impact Corruptions . | . . . . . . . . . . . . . . . . . . . . . . . . . . Robots Melted 13 | . . . . . . . . . . . 1 1 . . . . . . 2 1 3 . 1 4 . Combat Hostiles 13 | . . . . . . . . . . . 1 1 . . . . . . 2 1 3 . 1 4 . Parts Melted 105 | 1 . . . 5 1 . . . . . 11 2 . . . 11 4 . 21 3 13 . 11 15 7 Heat Transferred 42589 | 518 1086 50 . 2310 200 1412 814 150 322 74 3259 324 . 625 . 5249 1716 361 7368 2279 3500 273 37 4259 6403 Parts Sabotaged 9 | . . . . 2 . . . . . . . . . . . 7 . . . . . . . . . Parts Stolen . | . . . . . . . . . . . . . . . . . . . . . . . . . . Parts Stripped . | . . . . . . . . . . . . . . . . . . . . . . . . . . Power Chain Reactions 10 | . 1 1 . 2 . . . 1 . . 2 2 . . . . . . . . . . . 1 . Alert | -11 -10 -10 -8 -6 -6 -6 -6 -6 -5 -5 -5 -5 -5 -5 -4 -4 -4 -4 -4 -3 -3 -3 -2 -2 -2 ------- Run | Yrd Mat Sub Scr Fac Ext Cet Arc Hub Fac Was Fac Upp Upp Zhi Pro Fac Upp Upp War Pro Res Qua Res Tes Frg Maximum Alert Level 5 | . 1 . . 2 2 1 1 4 2 . 3 . . . . 5 . . . . . 2 1 1 2 Low Security (%) 63 | 100 99 . . 61 27 54 85 32 51 100 49 . . . . 55 . . . . 100 87 82 80 34 Level 1 17 | . . . . 26 65 45 14 16 20 . 12 . . . . 8 . . . . . 6 17 19 19 Level 2 12 | . . . . 12 6 . . 14 28 . 27 . . . . 7 . . . . . 6 . . 45 Level 3 3 | . . . . . . . . 15 . . 10 . . . . 9 . . . . . . . . . Level 4 2 | . . . . . . . . 22 . . . . . . . 16 . . . . . . . . . Level 5 . | . . . . . . . . . . . . . . . . 2 . . . . . . . . . High Security . | . . . . . . . . . . . . . . . . . . . . . . . . . . Max Security . | . . . . . . . . . . . . . . . . . . . . . . . . . . Peak Influence 1907 | 5 205 . . 520 407 271 250 1428 689 187 944 . . . . 1907 . . . . 92 514 284 279 558 Initial 689 | . . . . . 247 212 71 . 689 187 . . . . . 150 . . . . 32 31 284 . 78 Average 224 | 1 49 . . 171 264 187 52 546 265 95 310 . . . . 469 . . . . 32 98 69 102 320 Influence Increases 16798 | 30 420 40 . 1563 1088 325 330 1956 777 2 2122 275 . 15 10 2870 282 53 717 240 379 907 109 845 1443 Destroy 0b10 Robot/C 8480 | . 220 40 . 960 560 160 80 660 300 . 1160 140 . . . 1360 220 40 620 180 180 480 40 480 600 Destroy 0b10 Robot/NC 665 | 30 15 . . 100 60 10 45 70 20 . 60 10 . 15 10 75 . . 15 10 10 30 10 20 50 Destroy Leader 1504 | . 62 . . 164 66 . . 156 62 . 268 20 . . . 280 40 10 . 20 50 84 20 50 152 Allied During Kill 1045 | . . . . . 148 122 114 550 . . . . . . . . 22 3 82 . . . . . 4 Successful Hack 339 | . 24 . . 14 51 . . 27 27 . 36 . . . . 35 . . . . 15 76 . 34 . Select Force Hacks 60 | . 60 . . . . . . . . . . . . . . . . . . . . . . . . Disable Machine 1875 | . . . . 195 135 15 75 285 120 . 210 . . . . 405 . . . . 30 75 15 60 255 Destroy Structure 2110 | . 24 . . 130 53 18 16 193 218 2 328 . . . . 460 . . . . 64 72 24 186 322 Advance Influence 150 | . . . . . . . . . . . . . . . . 150 . . . . . . . . . Partial Spotted 15 | . . . . . . . . . . . . . . . . 15 . . . . . . . . . Lose Combat Pursuer 555 | . 15 . . . 15 . . 15 30 . 60 105 . . . 90 . . . 30 30 90 . 15 60 Influence Decreases 16267 | 30 420 40 . 1057 1213 527 509 548 1649 538 1179 871 347 15 10 1012 1415 683 225 779 371 457 615 704 1053 Entered New Map 3855 | . . . . . 259 169 108 . 719 349 . 349 67 . . . 688 139 95 587 16 25 222 . 63 Time Decay 8675 | 30 420 40 . 535 620 278 401 268 470 109 680 522 280 15 10 592 607 514 60 192 345 374 243 474 596 Lost Part 1150 | . . . . 160 30 . . 30 10 80 160 . . . . 270 60 10 . . 10 10 . 80 240 Lost Ally 514 | . . . . . 154 80 . 100 . . . . . . . . 60 20 70 . . . . . 30 Purge Threat 2073 | . . . . 362 150 . . 150 450 . 339 . . . . 150 . . . . . 48 150 150 124 Squads Dispatched 120 | . 3 . . 14 2 . . 13 6 . 20 . . . . 30 . . . . 9 7 1 9 6 Investigation 45 | . 2 . . 6 1 . . 3 3 . 9 . . . . 8 . . . . 7 1 . 1 4 Extermination 31 | . . . . 3 . . . 1 3 . 7 . . . . 8 . . . . . 3 1 4 1 Reinforcement 30 | . 1 . . 3 1 . . 9 . . . . . . . 6 . . . . 2 3 . 4 1 Assault 10 | . . . . 2 . . . . . . 3 . . . . 5 . . . . . . . . . Garrison 4 | . . . . . . . . . . . 1 . . . . 3 . . . . . . . . . Intercept . | . . . . . . . . . . . . . . . . . . . . . . . . . . Searches Triggered . | . . . . . . . . . . . . . . . . . . . . . . . . . . Construction Impeded 8 | . . . . 2 . . . 1 . . . . . . . 2 . . . . . 2 . 1 . Haulers Reinforced 3 | . . . . . . . . 1 . . . . . . . . . . . . 1 . . 1 . Active Scanning Responses . | . . . . . . . . . . . . . . . . . . . . . . . . . . Cargo Convoy Interrupts 1 | . . . . . . . . . 1 . . . . . . . . . . . . . . . . Stealth | -11 -10 -10 -8 -6 -6 -6 -6 -6 -5 -5 -5 -5 -5 -5 -4 -4 -4 -4 -4 -3 -3 -3 -2 -2 -2 --------- Run | Yrd Mat Sub Scr Fac Ext Cet Arc Hub Fac Was Fac Upp Upp Zhi Pro Fac Upp Upp War Pro Res Qua Res Tes Frg Distress Signals 37 | . 1 . . . 2 2 . 1 1 . 3 . . . 1 7 . . 3 . 9 3 . . 4 Communications Jammed 31 | . . . . 6 7 . . . 4 . 13 . . . . 1 . . . . . . . . . Distress Signals 31 | . . . . 6 7 . . . 4 . 13 . . . . 1 . . . . . . . . . Times Spotted 655 | . 22 8 . 65 34 10 11 42 19 7 77 14 . . 3 90 8 2 38 10 26 36 7 34 92 Peak Tracking Total 12 | . 4 2 . 10 7 5 3 7 4 4 5 3 . . 1 6 3 2 12 4 5 7 4 6 12 Tactical Retreats 34 | . 1 . . . 1 . . 1 1 3 4 3 . . . 6 . . . 1 2 6 . 1 4 Traps | -11 -10 -10 -8 -6 -6 -6 -6 -6 -5 -5 -5 -5 -5 -5 -4 -4 -4 -4 -4 -3 -3 -3 -2 -2 -2 ------- Run | Yrd Mat Sub Scr Fac Ext Cet Arc Hub Fac Was Fac Upp Upp Zhi Pro Fac Upp Upp War Pro Res Qua Res Tes Frg Traps Triggered 13 | . 1 1 . . 2 . . 1 2 . 1 . . . . 2 . . 1 . . . . 1 1 Indirectly . | . . . . . . . . . . . . . . . . . . . . . . . . . . Trap Hack Attempts . | . . . . . . . . . . . . . . . . . . . . . . . . . . Triggered . | . . . . . . . . . . . . . . . . . . . . . . . . . . Disarmed . | . . . . . . . . . . . . . . . . . . . . . . . . . . Reprogrammed . | . . . . . . . . . . . . . . . . . . . . . . . . . . Reused . | . . . . . . . . . . . . . . . . . . . . . . . . . . Traps Extracted . | . . . . . . . . . . . . . . . . . . . . . . . . . . Installed . | . . . . . . . . . . . . . . . . . . . . . . . . . . Triggered . | . . . . . . . . . . . . . . . . . . . . . . . . . . Machines | -11 -10 -10 -8 -6 -6 -6 -6 -6 -5 -5 -5 -5 -5 -5 -4 -4 -4 -4 -4 -3 -3 -3 -2 -2 -2 ---------- Run | Yrd Mat Sub Scr Fac Ext Cet Arc Hub Fac Was Fac Upp Upp Zhi Pro Fac Upp Upp War Pro Res Qua Res Tes Frg Machines Disabled 136 | . . . . 13 12 1 5 19 8 . 14 . . 1 . 27 1 . 1 . 2 6 1 4 21 Max in Single Turn 12 | . . . . 4 1 1 1 11 5 . 3 . . 1 . 12 1 . 1 . 1 2 1 1 4 Garrison Access 5 | . . . . 1 . . . 1 . . 1 . . . . 1 . . . . . . . 1 . Network Hub 1 | . . . . . . . . 1 . . . . . . . . . . . . . . . . . Machines Repaired . | . . . . . . . . . . . . . . . . . . . . . . . . . . Machines Dismantled 10 | . . . . . 9 1 . . . . . . . . . . . . . . . . . . . Machines Sabotaged . | . . . . . . . . . . . . . . . . . . . . . . . . . . Overloaded Fab Kills . | . . . . . . . . . . . . . . . . . . . . . . . . . . Hacking | -11 -10 -10 -8 -6 -6 -6 -6 -6 -5 -5 -5 -5 -5 -5 -4 -4 -4 -4 -4 -3 -3 -3 -2 -2 -2 --------- Run | Yrd Mat Sub Scr Fac Ext Cet Arc Hub Fac Was Fac Upp Upp Zhi Pro Fac Upp Upp War Pro Res Qua Res Tes Frg Machines Accessed 134 | . 8 1 5 14 10 . . 7 8 . 26 . . 5 . 19 . . 5 . 5 7 1 8 5 Terminals 69 | . 6 . . 7 10 . . 6 3 . 13 . . . . 7 . . . . 1 6 1 7 2 Fabricators 3 | . . . . 1 . . . . 1 . . . . . . 1 . . . . . . . . . Repair Stations 6 | . . . . . . . . . . . 4 . . . . 2 . . . . . . . . . Recycling Units 31 | . 2 . . 5 . . . . 2 . 7 . . . . 8 . . . . 4 . . . 3 Scanalyzers 2 | . . . . . . . . . 1 . . . . . . . . . . . . 1 . . . Garrison Access 7 | . . . . 1 . . . 1 1 . 2 . . . . 1 . . . . . . . 1 . Total Hacks 391 | . 23 4 31 25 25 . . 20 25 . 76 . . 18 . 49 . . 8 . 10 31 15 17 14 Successful 207 | . 14 4 31 11 7 . . 13 11 . 34 . . 18 . 18 . . 8 . 3 16 9 5 5 Failed 183 | . 8 . . 14 18 . . 7 14 . 42 . . . . 31 . . . . 7 15 6 12 9 Catastrophic 45 | . . . . 4 2 . . 1 3 . 11 . . . . 8 . . . . 3 3 1 6 3 Database Lockouts 1 | . 1 . . . . . . . . . . . . . . . . . . . . . . . . Manual 200 | . 23 . . 10 15 1 . 14 9 . 39 . . . . 31 . . . . 10 20 9 9 10 Terminals 227 | . 21 . . 14 25 . . 17 16 . 47 . . . . 21 . . . . 2 30 15 14 5 Fabricators 5 | . . . . 1 . . . . 1 . . . . . . 3 . . . . . . . . . Repair Stations 16 | . . . . . . . . . . . 10 . . . . 6 . . . . . . . . . Recycling Units 60 | . 2 . . 7 . . . . 4 . 14 . . . . 16 . . . . 8 . . . 9 Scanalyzers 2 | . . . . . . . . . 1 . . . . . . . . . . . . 1 . . . Garrison Access 20 | . . . . 3 . . . 3 3 . 5 . . . . 3 . . . . . . . 3 . Terminal Hacks 123 | . 3 4 31 5 5 . . 4 6 . 14 . . 18 . 3 . . 8 . . 10 7 3 2 Record 47 | . . 4 30 . . . . . . . . . . 6 . . . . 7 . . . . . . Part Schematic 4 | . . . . . . . . . . . . . . 4 . . . . . . . . . . . Robot Analysis 7 | . 2 . . . 1 . . . . . . . . 4 . . . . . . . . . . . Prototype ID Bank 6 | . . . . . . . . . . . . . . 4 . . . . . . . 1 1 . . Open Door 1 | . . . . . . . . . . . . . . . . . . . 1 . . . . . . Level Access Points 2 | . . . . . . . . 1 . . . . . . . . . . . . . 1 . . . Branch Access Points 4 | . . . . . . . . . . . 1 . . . . 1 . . . . . 1 1 . . Machine Index 1 | . . . . . 1 . . . . . . . . . . . . . . . . . . . . Terminal Index 4 | . 1 . . . . . . 1 . . 1 . . . . . . . . . . 1 . . . Recycling Unit Index 2 | . . . . 1 . . . . . . 1 . . . . . . . . . . . . . . Alert Level 9 | . . . . 1 2 . . . 1 . 3 . . . . . . . . . . 1 1 . . Unreport Threat 16 | . . . . 3 1 . . 1 3 . 3 . . . . 1 . . . . . 1 1 1 1 Locate Traps 3 | . . . . . . . . . . . 1 . . . . . . . . . . 1 1 . . Maintenance Status 1 | . . . . . . . . . . . . . . . . . . . . . . . 1 . . Patrol Status 1 | . . . . . . . . . . . . . . . . . . . . . . . 1 . . Recall Investigation 1 | . . . . . . . . . . . . . . . . . . . . . . 1 . . . Recall Extermination 1 | . . . . . . . . . 1 . . . . . . . . . . . . . . . . Zone Layout 12 | . . . . . . . . 1 1 . 4 . . . . 1 . . . . . 2 . 2 1 Proto ID Catalog 1 | . . . 1 . . . . . . . . . . . . . . . . . . . . . . Fabricator Hacks 1 | . . . . . . . . . . . . . . . . 1 . . . . . . . . . Build 1 | . . . . . . . . . . . . . . . . 1 . . . . . . . . . Repair Station Hacks 5 | . . . . . . . . . . . 2 . . . . 3 . . . . . . . . . Scan Component 3 | . . . . . . . . . . . 1 . . . . 2 . . . . . . . . . Repair 2 | . . . . . . . . . . . 1 . . . . 1 . . . . . . . . . Recycling Unit Hacks 3 | . . . . 1 . . . . . . 2 . . . . . . . . . . . . . . Retrieve Matter 2 | . . . . 1 . . . . . . 1 . . . . . . . . . . . . . . Retrieve Components 1 | . . . . . . . . . . . 1 . . . . . . . . . . . . . . Scanalyzer 1 | . . . . . . . . . 1 . . . . . . . . . . . . . . . . Insert Component 1 | . . . . . . . . . 1 . . . . . . . . . . . . . . . . Garrison Access Hacks 4 | . . . . . . . . 1 . . 1 . . . . 1 . . . . . . . 1 . Seal Access 4 | . . . . . . . . 1 . . 1 . . . . 1 . . . . . . . 1 . Unauthorized Hacks 70 | . 11 . . 5 2 . . 8 4 . 15 . . . . 10 . . . . 3 6 2 1 3 Terminals 38 | . 9 . . . 2 . . 8 2 . 6 . . . . 2 . . . . 1 5 2 1 . Track 10 | . . . . . . . . 2 1 . 4 . . . . . . . . . . 2 . 1 . Assimilate 2 | . 1 . . . . . . . . . . . . . . 1 . . . . . . . . . Botnet 15 | . 2 . . . 2 . . 3 1 . 2 . . . . 1 . . . . 1 2 1 . . Operators 3 | . 1 . . . . . . . . . . . . . . . . . . . . 1 1 . . Skim 5 | . 5 . . . . . . . . . . . . . . . . . . . . . . . . Sabotage 3 | . . . . . . . . 3 . . . . . . . . . . . . . . . . . Fabricators 1 | . . . . . . . . . . . . . . . . 1 . . . . . . . . . Prioritize 1 | . . . . . . . . . . . . . . . . 1 . . . . . . . . . Repair Stations 3 | . . . . . . . . . . . 3 . . . . . . . . . . . . . . Patch 3 | . . . . . . . . . . . 3 . . . . . . . . . . . . . . Recycling Units 27 | . 2 . . 5 . . . . 2 . 6 . . . . 7 . . . . 2 . . . 3 Tunnel 2 | . 2 . . . . . . . . . . . . . . . . . . . . . . . . Fedlink 24 | . . . . 5 . . . . 2 . 6 . . . . 7 . . . . 2 . . . 2 Scraphulk 1 | . . . . . . . . . . . . . . . . . . . . . . . . . 1 Scanalyzers 1 | . . . . . . . . . . . . . . . . . . . . . . 1 . . . Researchers 1 | . . . . . . . . . . . . . . . . . . . . . . 1 . . . Garrison Access . | . . . . . . . . . . . . . . . . . . . . . . . . . . Data Cores Recovered 3 | . 1 . . . . . . . . . . . . . . 1 . . . . . . 1 . . Used 1 | . . . . . . . . . . . . . . . . . . . . . . . 1 . . Hacking Detections 76 | . 4 . . 9 9 . . 4 5 . 14 . . . . 12 . . . . 2 6 1 7 3 Full Trace Events 5 | . . . . 1 . . . . . . . . . . . 1 . . . . 1 1 . 1 . Feedback Events . | . . . . . . . . . . . . . . . . . . . . . . . . . . Feedback Blocked . | . . . . . . . . . . . . . . . . . . . . . . . . . . Robot Schematics Acquired 2 | . . . . . . . . . . . . . . . . . . . . . . 1 . 1 . Robots Built . | . . . . . . . . . . . . . . . . . . . . . . . . . . Authchips . | . . . . . . . . . . . . . . . . . . . . . . . . . . Time . | . . . . . . . . . . . . . . . . . . . . . . . . . . Total Robot Build Rating . | . . . . . . . . . . . . . . . . . . . . . . . . . . Part Schematics Acquired 5 | . . . . . . . . . . . . . . 4 . . . . . . . . . 1 . Parts Built . | . . . . . . . . . . . . . . . . . . . . . . . . . . Authchips . | . . . . . . . . . . . . . . . . . . . . . . . . . . Time 139 | . . . . . . . . . . . . . . . . 139 . . . . . . . . . Total Part Build Rating . | . . . . . . . . . . . . . . . . . . . . . . . . . . Parts Repaired 2 | . . . . . . . . . . . 1 . . . . 1 . . . . . . . . . Time 216 | . . . . . . . . . . . 108 . . . . 108 . . . . . . . . . Parts Recycled . | . . . . . . . . . . . . . . . . . . . . . . . . . . Recycled Matter . | . . . . . . . . . . . . . . . . . . . . . . . . . . Retrieved Matter . | . . . . . . . . . . . . . . . . . . . . . . . . . . Retrieved Components 3 | . . . . . . . . . . . 3 . . . . . . . . . . . . . . Parts Scanalyzed . | . . . . . . . . . . . . . . . . . . . . . . . . . . Part Schematics Acquired . | . . . . . . . . . . . . . . . . . . . . . . . . . . Parts Damaged . | . . . . . . . . . . . . . . . . . . . . . . . . . . Bothacking | -11 -10 -10 -8 -6 -6 -6 -6 -6 -5 -5 -5 -5 -5 -5 -4 -4 -4 -4 -4 -3 -3 -3 -2 -2 -2 ------------ Run | Yrd Mat Sub Scr Fac Ext Cet Arc Hub Fac Was Fac Upp Upp Zhi Pro Fac Upp Upp War Pro Res Qua Res Tes Frg Used RIF Installer . | . . . . . . . . . . . . . . . . . . . . . . . . . . Robots Hacked . | . . . . . . . . . . . . . . . . . . . . . . . . . . Non-combat . | . . . . . . . . . . . . . . . . . . . . . . . . . . Combat . | . . . . . . . . . . . . . . . . . . . . . . . . . . Robot Hacks Applied . | . . . . . . . . . . . . . . . . . . . . . . . . . . Relay Couplers Released 7 | . . . . 1 . . . . . . . . . . . 3 . . . . . 3 . . . Machine Destruction 1 | . . . . 1 . . . . . . . . . . . . . . . . . . . . . Programmers 6 | . . . . . . . . . . . . . . . . 3 . . . . . 3 . . . Fabnet Peak Effective % . | . . . . . . . . . . . . . . . . . . . . . . . . . . Robots Rewired 16 | . . . . . 7 . . . . . . . . . . . 4 . 5 . . . . . . Allies Hacked 1 | . . . . . . . . . . . . . . . . . . . . . . . . . 1 Hacks Repelled . | . . . . . . . . . . . . . . . . . . . . . . . . . . Allies | -11 -10 -10 -8 -6 -6 -6 -6 -6 -5 -5 -5 -5 -5 -5 -4 -4 -4 -4 -4 -3 -3 -3 -2 -2 -2 -------- Run | Yrd Mat Sub Scr Fac Ext Cet Arc Hub Fac Was Fac Upp Upp Zhi Pro Fac Upp Upp War Pro Res Qua Res Tes Frg Total Allies 33 | . . . . . 18 5 . . . . . . . . . . 4 . 5 . . . . . 1 Largest Group 9 | . . . . . 8 9 8 7 . . . . . . . . 4 . 5 . . . . . 1 Highest-Rated Group 710 | . . . . . 350 710 548 528 . . . . . . . . 189 . 280 . . . . . 139 Highest-Rated Ally 159 | . . . . . 159 159 96 96 . . . . . . . . 48 . 68 . . . . . 139 Total Orders 124 | . . . . . 3 2 2 4 . . . . . . . . 5 . 4 . 36 15 13 31 9 STAY 11 | . . . . . 1 1 1 3 . . . . . . . . 4 . . . . . . 1 . FOLLOW 9 | . . . . . 2 1 1 1 . . . . . . . . 1 . . . . . . 3 . EXPLORE 22 | . . . . . . . . . . . . . . . . . . . 2 . 12 4 1 3 . RETURN 82 | . . . . . . . . . . . . . . . . . . . 2 . 24 11 12 24 9 Ally Attacks 350 | . . . . . 103 43 21 122 . . . . . . . . 23 1 30 . . . . . 7 Total Damage 11499 | . . . . . 1849 1671 733 4548 . . . . . . . . 701 47 1543 . . . . . 407 Kills 73 | . . . . . 15 10 3 29 . . . . . . . . 6 1 9 . . . . . . Allies Corrupted 1 | . . . . . . . . 1 . . . . . . . . . . . . . . . . . Allies Melted 6 | . . . . . . . . . . . . . . . . . 1 . 3 . . . . . 2 Intel | -11 -10 -10 -8 -6 -6 -6 -6 -6 -5 -5 -5 -5 -5 -5 -4 -4 -4 -4 -4 -3 -3 -3 -2 -2 -2 ------- Run | Yrd Mat Sub Scr Fac Ext Cet Arc Hub Fac Was Fac Upp Upp Zhi Pro Fac Upp Upp War Pro Res Qua Res Tes Frg Active Infowar (turns) 28579 | 48 2294 104 92 1950 544 . . . 1151 156 2887 1194 755 438 1289 3313 1788 1359 967 1666 1081 1278 577 1732 1916 Optics 9319 | . . . . . . . . . . . . . . 91 1289 2570 . . . . 888 1278 577 1732 894 Sensors 17786 | . . . . 833 . . . . 795 . 2020 1024 753 . 1283 2311 1723 1351 786 1663 719 792 479 722 532 IFF 1192 | . . . . . . . . . . . . . . . . . . . . . . . . . 1192 Terrain 4525 | 48 438 . 92 1199 . . . . 345 156 . . . . . 44 138 . 348 1661 56 . . . . Structural 11918 | . . . . . . . . . . . 1671 1173 753 438 1289 2964 1529 1358 743 . . . . . . Seismic 1962 | . 1856 104 . . . . . . . . . . . . . . . . . . 2 . . . . Jamming 2692 | . . . . 392 544 . . . 282 . 1113 7 . . . 354 . . . . . . . . . ECM 2 | . . . . . . . . . . . . . . . . . . . . . . . . 2 . Robot Analysis Total 7 | . 2 . . . 1 . . . . . . . . 4 . . . . . . . . . . . Derelict Logs Recovered 10 | . . 1 4 . . . . . . . . 1 2 . 1 . . 1 . . . . . . . Drone Launches 81 | . . . . . . . . . . . . . . . . . . . 2 . 25 12 12 21 9 Drone Recoveries 79 | . . . . . . . . . . . . . . . . . . . 2 . 25 12 12 21 7 Exploration | -11 -10 -10 -8 -6 -6 -6 -6 -6 -5 -5 -5 -5 -5 -5 -4 -4 -4 -4 -4 -3 -3 -3 -2 -2 -2 ------------- Run | Yrd Mat Sub Scr Fac Ext Cet Arc Hub Fac Was Fac Upp Upp Zhi Pro Fac Upp Upp War Pro Res Qua Res Tes Frg Turns Passed 42685 | 305 2295 1426 2908 2738 2081 608 2711 612 1180 260 4334 1443 1026 438 1289 3721 1961 1404 1307 1828 1166 1278 577 1732 2057 Spaces Moved 18896 | 155 953 848 1960 897 773 182 381 248 540 194 1878 809 568 192 727 1446 862 719 550 992 499 387 268 839 1029 Core 150 | 3 . . . . . . . . . 133 14 . . . . . . . . . . . . . . Treads 10350 | 152 953 23 . 532 . 65 381 248 540 61 1864 809 568 192 727 1068 . . . . 25 387 268 839 648 Legs 5192 | . . . . 327 773 117 . . . . . . . . . 378 862 719 550 992 474 . . . . Wheels 3204 | . . 825 1960 38 . . . . . . . . . . . . . . . . . . . . 381 Hover . | . . . . . . . . . . . . . . . . . . . . . . . . . . Flight . | . . . . . . . . . . . . . . . . . . . . . . . . . . Fastest Speed 50 | 50 160 140 140 170 190 160 160 160 160 50 50 160 160 160 160 150 190 190 177 177 177 245 163 155 100 Average Speed 173 | 157 219 145 143 220 191 221 160 162 160 84 167 165 175 160 160 188 190 190 189 177 180 245 163 163 140 Slowest Speed 340 | 160 320 340 200 245 260 260 160 243 160 160 247 240 240 240 160 330 330 190 262 177 245 245 243 238 240 Overloaded Moves . | . . . . . . . . . . . . . . . . . . . . . . . . . . Propulsion Burnouts . | . . . . . . . . . . . . . . . . . . . . . . . . . . Robots Hopped . | . . . . . . . . . . . . . . . . . . . . . . . . . . Potential Cave-ins 5 | . . . . . . . . . . . . . . . . . . . . . . 2 . 3 . Cave-ins Triggered 1 | . . . . . . . . . . . . . . . . . . . . . . . . 1 . Exploration Rate (%) 65 | 8 98 42 96 25 84 74 90 52 23 85 63 88 64 63 89 56 88 84 95 92 30 68 14 93 35 Regions Visited 25 Branch Regions 17 Pre-discovered Areas 11 | . 4 1 . 1 . . . . . . . . 1 3 . . . . 1 . . . . . . Known Exits Taken 15 | . . . . 1 . . . 1 . . 1 1 1 1 1 1 1 1 1 1 1 1 1 . . Unknown Exits Taken 8 | 1 1 1 1 . 1 1 1 . . . . . . . . . . . . . . . . 1 . Scrap Searched 26 | . . 2 11 . . . . . . . . 3 2 . 1 . 2 3 . 2 . . . . . Spaces Dug 479 | . 21 . . 42 . . . 13 41 . 129 . 6 . 36 41 22 . . . 24 12 6 44 42 Terrain Destroyed 1544 | . 24 20 . 181 56 22 21 206 110 2 193 6 8 1 49 287 35 1 21 . 74 34 10 72 111 Melee . | . . . . . . . . . . . . . . . . . . . . . . . . . . Projectile 712 | . . . . 46 16 22 21 37 56 2 131 4 8 1 49 109 35 1 1 . 40 14 7 50 62 AOE 803 | . 24 20 . 135 40 . . 169 54 . 61 2 . . . 177 . . 20 . 34 . . 18 49 Terrain Rammed . | . . . . . . . . . . . . . . . . . . . . . . . . . . Walls Destroyed . | . . . . . . . . . . . . . . . . . . . . . . . . . . Machines Disabled . | . . . . . . . . . . . . . . . . . . . . . . . . . . Actions | -11 -10 -10 -8 -6 -6 -6 -6 -6 -5 -5 -5 -5 -5 -5 -4 -4 -4 -4 -4 -3 -3 -3 -2 -2 -2 --------- Run | Yrd Mat Sub Scr Fac Ext Cet Arc Hub Fac Was Fac Upp Upp Zhi Pro Fac Upp Upp War Pro Res Qua Res Tes Frg Total 25724 | 184 1085 958 2068 1327 1089 315 2424 364 733 252 2618 872 587 282 791 2004 1088 750 790 1043 721 538 361 1065 1415 Wait 2704 | . 50 17 17 53 15 22 1967 35 27 15 123 12 . . 4 75 75 . 17 15 68 11 22 22 42 Move 18873 | 154 952 847 1959 896 772 181 380 248 540 193 1877 808 567 191 726 1446 861 718 549 991 498 386 267 837 1029 Hop . | . . . . . . . . . . . . . . . . . . . . . . . . . . Pick Up 557 | 8 23 11 35 56 17 21 12 6 18 4 98 4 3 9 2 60 15 8 22 5 29 9 9 27 46 Fast Attach 169 | 6 2 . 8 9 4 9 10 2 3 3 20 1 . 8 2 24 4 . 5 4 9 4 2 6 24 Attach 237 | 1 1 5 2 26 3 5 8 3 5 7 33 1 1 8 . 39 9 2 15 1 10 6 3 11 32 Detach 45 | . . . . . 1 1 1 . 1 . 5 1 . 8 . 5 . . 7 . 2 . . 3 10 Swap 803 | 1 5 38 4 84 46 10 . 21 49 1 144 16 4 4 8 124 25 10 12 10 26 48 31 40 42 Drop 513 | . 11 6 43 42 18 32 18 4 15 2 65 4 3 17 3 49 6 9 30 8 41 10 9 26 42 Fire 1402 | 14 36 23 . 151 50 26 28 41 71 26 237 25 9 37 46 172 51 3 20 9 34 60 15 85 133 Melee 12 | . . 11 . . . . . . . . 1 . . . . . . . . . . . . . . Ram . | . . . . . . . . . . . . . . . . . . . . . . . . . . Kick 15 | . . . . 2 10 . . . . . . . . . . . . . . . 3 . . . . Crush 39 | . 5 . . 4 . . . 2 3 1 8 . . . . 6 . . . . . . 3 4 3 Escape Stasis 14 | . . . . . 10 . . . . . . . . . . . . . . . . . . 3 1 Rewire 226 | . . . . . 70 . . . . . . . . . . . 42 . 113 . . . . . 1 Trap . | . . . . . . . . . . . . . . . . . . . . . . . . . . Miscellaneous 115 | . . . . 4 73 8 . 2 1 . 7 . . . . 4 . . . . 1 4 . 1 10 Route ------- -11/Scrapyard -10/Materials (discovered 6 exits: [*Mat x3] / [*Min x2] / *Sub) -10/Subcaves (discovered 3 exits: [*Mat x2] / *Scr) -8/Scraptown (discovered 2 exits: *Fac x2) -6/Factory (discovered 2 exits: *Fac / *Ext) -6/Extension (discovered 2 exits: *Fac / *Cet) -6/Cetus (discovered 2 exits: *Fac / [*Arc]) -6/Archives (discovered 3 exits: *Fac / *Hub x2) -6/Hub_04(d) (discovered 4 exits: *Fac x4) -5/Factory -5/Waste -5/Factory (discovered 5 exits: *Fac x3 / *Upp x2) -5/Upper Caves -5/Upper Caves (discovered 2 exits: *Fac / *Zhi) -5/Zhirov -4/Proximity Caves -4/Factory (discovered 5 exits: *Res x3 / *Upp x2) -4/Upper Caves -4/Upper Caves (discovered 2 exits: *Res / *War) -4/Warlord -3/Proximity Caves -3/Research (discovered 5 exits: *Res x3 / *Qua x2) -3/Quarantine -2/Research (discovered 3 exits: [*Acc] / *Tes x2) -2/Testing (discovered 3 exits: [*Acc] / [*Sec] / *Frg) -2/Protoforge History --------- Turn | Location | Event 39 | -11/Scrapyard | Discovered new exit (range 15) 306 | -11/Scrapyard | Entered Materials 307 | -10/Materials | Build established: Mutant 388 | -10/Materials | Discovered new exit (range 12) 715 | -10/Materials | Discovered new exit (range 10) 839 | -10/Materials | Discovered new exit (range 10) 987 | -10/Materials | Discovered new exit (range 13) 1059 | -10/Materials | Discovered new exit (range 10) 1405 | -10/Materials | Central database locked down 1502 | -10/Materials | Loaded intel: 24 non-interactive machine locations 1543 | -10/Materials | Learned Storage security intel 1576 | -10/Materials | Learned Storage emergency access door positions 1599 | -10/Materials | Learned location of Subcaves (-10) 1614 | -10/Materials | Learned 2 Mines zone layouts 1621 | -10/Materials | Learned 2 Storage zone layouts 1622 | -10/Materials | Learned location of Mines (-9) 1652 | -10/Materials | Learned 4 Recycling zone layouts 1681 | -10/Materials | Loaded intel: 11 interactive machine locations 2581 | -10/Materials | Discovered new exit (range 6) 2601 | -10/Materials | Entered Subcaves 2602 | -10/Subcaves | Approached by a straggling Scientist 2612 | -10/Subcaves | Learned location of Zion (-6) 2612 | -10/Subcaves | Met a Zionite searching for "candidates" 2700 | -10/Subcaves | Core integrity fell below 50% 2811 | -10/Subcaves | Scientist uncovered a shortcut to Scraptown 2864 | -10/Subcaves | Discovered new exit (range 15) 3061 | -10/Subcaves | Learned 8 Materials zone layouts 3171 | -10/Subcaves | Discovered new exit (range 14) 3322 | -10/Subcaves | Visited Clippyterm 3326 | -10/Subcaves | Learned Research machine intel 3326 | -10/Subcaves | Learned Factory garrison access intel 3832 | -10/Subcaves | Core integrity fell below 20% 4027 | -10/Subcaves | Entered Scraptown 4027 | -8/Scraptown | System corruption cleaned by C-Scrubber 4305 | -8/Scraptown | Scanned Subdweller tech in exchange for log data 4308 | -8/Scraptown | Learned Factory terminal intel 4310 | -8/Scraptown | Learned location of 1 exit from Upper Caves 4311 | -8/Scraptown | Learned Factory emergency access door positions 4312 | -8/Scraptown | Learned 8 Research zone layouts 4328 | -8/Scraptown | Discovered new exit (range 11) 4962 | -8/Scraptown | Visited Shadow of the Wyrm 5011 | -8/Scraptown | Visited Spacefarers 5071 | -8/Scraptown | Visited Bundlers 5192 | -8/Scraptown | Visited Red Mages 5264 | -8/Scraptown | Visited SPCMW 5463 | -8/Scraptown | Visited Symbiants 5499 | -8/Scraptown | Visited Awakened 5535 | -8/Scraptown | Visited UFD Registry 5535 | -8/Scraptown | Registered with UFD as "Wavechaser" 5566 | -8/Scraptown | Visited Junk Repository 5625 | -8/Scraptown | Visited Curators Association 5672 | -8/Scraptown | Visited Science Guys 5900 | -8/Scraptown | Visited Scrapoid Research Area 5935 | -8/Scraptown | Visited Scrap Suit Storage 5978 | -8/Scraptown | Visited Derelict Rescue Squad 6005 | -8/Scraptown | Visited Science Testing Area 6027 | -8/Scraptown | Visited DA-N13 Charitable Foundation 6040 | -8/Scraptown | Found DCF Scrap (26 items) 6105 | -8/Scraptown | Visited Sword Containment 6133 | -8/Scraptown | Visited Chapter 10 6364 | -8/Scraptown | Discovered new exit (range 5) 6851 | -8/Scraptown | Met Optimus 6851 | -8/Scraptown | Accepted into 0bPrime 6935 | -8/Scraptown | Entered Factory 6935 | -6/Factory | Evolved 8 slots: Propulsion x2, Utility x4, Weapon x2 6937 | -6/Factory | Loaded intel: 28 terminal locations 6938 | -6/Factory | Loaded intel: 4 garrison access locations 7105 | -6/Factory | Destroyed 7 combat bots 7112 | -6/Factory | Lost 10 parts (1p3n3u3w) 7310 | -6/Factory | Build established: Gunner 7726 | -6/Factory | Destroyed 12 combat bots 7938 | -6/Factory | Discovered new exit (range 16) 8064 | -6/Factory | Identified exit to Extension 8147 | -6/Factory | Build established: Skirmisher 8183 | -6/Factory | Loaded intel: 8 recycling unit locations 8655 | -6/Factory | Learned location of Protoforge (-2) 9169 | -6/Factory | Core integrity fell below 50% 9405 | -6/Factory | Lost 3 parts (1n1u1w) 9406 | -6/Factory | Discovered new exit (range 8) 9423 | -6/Factory | Identified exit to Factory 9673 | -6/Factory | Entered Extension 9750 | -6/Extension | Rescued a captive Derelict 9802 | -6/Extension | Build established: Scavenger-Tank 9804 | -6/Extension | Rescued a captive Derelict 9872 | -6/Extension | Rescued a captive Derelict 10175 | -6/Extension | Rescued a captive Derelict 10274 | -6/Extension | Build established: Tank 10276 | -6/Extension | Rescued a captive Derelict 10283 | -6/Extension | Rescued a captive Derelict 10682 | -6/Extension | Spotted B-75 Beast 10699 | -6/Extension | Allies destroyed B-75 Beast 10702 | -6/Extension | Spotted B-75 Beast 10723 | -6/Extension | Disrupted transfer network 10731 | -6/Extension | Destroyed B-75 Beast 10757 | -6/Extension | Lost 8 allies 11228 | -6/Extension | Rescued A7 11369 | -6/Extension | Rescued a captive Derelict 11441 | -6/Extension | Build established: Scavenger-Tank 11494 | -6/Extension | Rescued a captive Derelict 11565 | -6/Extension | Rescued a captive Derelict 11566 | -6/Extension | Rescued a captive Derelict 11694 | -6/Extension | Discovered exit to Factory (range 10) 11697 | -6/Extension | Discovered new exit (range 6) 11735 | -6/Extension | Found Hvy. Reactive Plating 11754 | -6/Extension | Entered Cetus 11754 | -6/Cetus | Accompanied by 8 allies (A7) 11759 | -6/Cetus | Acquired a Cetus Manufacturing Module code from A7 11787 | -6/Cetus | Spotted Cetus Guard 11787 | -6/Cetus | Spotted Cetus Guard 11791 | -6/Cetus | Spotted Cetus Guard 11792 | -6/Cetus | Spotted Cetus Guard 11796 | -6/Cetus | Allies destroyed Cetus Guard 11806 | -6/Cetus | Allies destroyed Cetus Guard 11816 | -6/Cetus | Allies destroyed Cetus Guard 11821 | -6/Cetus | Allies destroyed Cetus Guard 11832 | -6/Cetus | Lost 4 allies 11961 | -6/Cetus | Started Cetus Manufacturing Module 11986 | -6/Cetus | Manufactured an Enhanced Grunt 12003 | -6/Cetus | Escorted A7 to Cetus Mainframe 12011 | -6/Cetus | Manufactured an Enhanced Grunt 12036 | -6/Cetus | Manufactured an Enhanced Grunt 12061 | -6/Cetus | Manufactured an Enhanced Grunt 12066 | -6/Cetus | Discovered new exit (range 16) 12086 | -6/Cetus | Manufactured an Enhanced Grunt 12109 | -6/Cetus | Spotted Cetus Guard 12109 | -6/Cetus | Spotted Cetus Guard 12110 | -6/Cetus | Spotted Cetus Guard 12112 | -6/Cetus | Spotted Cetus Guard 12114 | -6/Cetus | Allies destroyed Cetus Guard 12114 | -6/Cetus | Allies destroyed Cetus Guard 12126 | -6/Cetus | Allies destroyed Cetus Guard 12128 | -6/Cetus | Allies destroyed Cetus Guard 12131 | -6/Cetus | Discovered exit to Factory (range 15) 12146 | -6/Cetus | Met Revision 17 12324 | -6/Cetus | Murdered A7 12330 | -6/Cetus | Extracted ID and sensor layout for unrecognized location from A7's data core 12362 | -6/Cetus | Entered Archives 12362 | -6/Archives | Accompanied by 8 allies 12409 | -6/Archives | Discovered new exit (range 16) 12481 | -6/Archives | Discovered exit to Factory (range 15) 12709 | -6/Archives | Discovered new exit (range 14) 12765 | -6/Archives | System corruption reached 10% 15073 | -6/Archives | Entered Hub_04(d) 15073 | -6/Hub_04(d) | Accompanied by 7 allies 15174 | -6/Hub_04(d) | Discovered exit to Factory (range 12) 15246 | -6/Hub_04(d) | Spotted B-75 Beast 15258 | -6/Hub_04(d) | Destroyed B-75 Beast 15677 | -6/Hub_04(d) | Network Hub disabled 15678 | -6/Hub_04(d) | Core integrity fell below 20% 15685 | -6/Hub_04(d) | Entered Factory 15685 | -5/Factory | Evolved 2 slots: Utility x2 15706 | -5/Factory | Lost 3 parts (2u1w) 16612 | -5/Factory | Cargo convoy interrupted 16756 | -5/Factory | Discovered new exit (range 8) 16764 | -5/Factory | Identified exit to Factory 16797 | -5/Factory | Loaded intel: 8 recycling unit locations 16865 | -5/Factory | Sucked down chute 16865 | -5/Factory | Entered Waste 16925 | -5/Waste | Spotted C-40 Crusher 16955 | -5/Waste | Spotted C-40 Crusher 16984 | -5/Waste | Spotted C-40 Crusher 16984 | -5/Waste | Crushed by Compactor (1 part destroyed, 2 dropped) 16987 | -5/Waste | Crushed by Compactor (1 part destroyed, 2 dropped) 16988 | -5/Waste | Destroyed C-40 Crusher 16994 | -5/Waste | Spotted C-40 Crusher 17000 | -5/Waste | Crushed by Compactor (1 part destroyed, 1 dropped) 17003 | -5/Waste | Crushed by Compactor (1 part destroyed, 1 dropped) 17004 | -5/Waste | Destroyed C-40 Crusher 17010 | -5/Waste | Crushed by Compactor (1 part destroyed, 2 dropped) 17029 | -5/Waste | Spotted C-40 Crusher 17041 | -5/Waste | Lost 5 parts (2u3w) 17050 | -5/Waste | Crushed by Compactor (1 part destroyed, 1 dropped) 17050 | -5/Waste | Released all parts (5) 17081 | -5/Waste | Lost 3 parts (1n1u1w) 17085 | -5/Waste | Spotted C-40 Crusher 17104 | -5/Waste | Discovered new exit (range 10) 17125 | -5/Waste | Entered Factory 17659 | -5/Factory | Discovered new exit (range 5) 18643 | -5/Factory | Identified exit to Upper Caves 18836 | -5/Factory | Spotted B-75 Beast 18856 | -5/Factory | Loaded intel: 8 recycling unit locations 19258 | -5/Factory | Discovered exit to Factory (range 6) 19298 | -5/Factory | Discovered exit to Factory (range 5) 19826 | -5/Factory | Garrison activated, responded to threat 19937 | -5/Factory | Build established: Scavenger-Gunner 20125 | -5/Factory | First assault squad dispatched 20242 | -5/Factory | Build established: Scavenger-Skirmisher 20517 | -5/Factory | Repaired Centrium Heavy Treads 20588 | -5/Factory | Discovered exit to Factory (range 16) 20806 | -5/Factory | System corruption reached 10% 20874 | -5/Factory | Lost 3 parts (1u2w) 21228 | -5/Factory | Lost 4 parts (1p2u1w) 21324 | -5/Factory | System corruption reached 30% 21459 | -5/Factory | Entered Upper Caves 21460 | -5/Upper Caves | Identified exit to Upper Caves 21468 | -5/Upper Caves | Attracted the attention of an 0b10 checkpoint 22353 | -5/Upper Caves | Learned Factory interactive machine intel 22902 | -5/Upper Caves | Entered another Upper Caves area 22948 | -5/Upper Caves | Discovered exit to Factory (range 14) 23362 | -5/Upper Caves | Learned Factory emergency access door positions 23503 | -5/Upper Caves | Discovered new exit (range 5) 23508 | -5/Upper Caves | Identified exit to Zhirov 23516 | -5/Upper Caves | Learned location of Armory (-3) 23928 | -5/Upper Caves | Entered Zhirov 23932 | -5/Zhirov | Discovered new exit (range 3) 23961 | -5/Zhirov | Met Zhirov 23990 | -5/Zhirov | Learned location of Quarantine (-3) 23990 | -5/Zhirov | Learned location of Testing (-2) 23990 | -5/Zhirov | Learned location of Command (-1) 24020 | -5/Zhirov | Zhirov requested help retrieving the SGEMP Prototype 24048 | -5/Zhirov | Found Alien Artifact 24048 | -5/Zhirov | Identified Integrated Reactor 24048 | -5/Zhirov | Installed Integrated Reactor, increased core energy generation (+10) 24077 | -5/Zhirov | Found Alien Artifact 24363 | -5/Zhirov | Identified exit to Proximity Caves 24366 | -5/Zhirov | Entered Proximity Caves 24477 | -4/Proximity Caves | Learned location of 1 exit from Research 24578 | -4/Proximity Caves | Spotter reported a threat 25634 | -4/Proximity Caves | Discovered exit to Factory (range 9) 25655 | -4/Proximity Caves | Entered Factory 25655 | -4/Factory | Evolved 2 slots: Power x1, Weapon x1 25657 | -4/Factory | Loaded intel: 54 interactive machine locations 26094 | -4/Factory | Repaired Centrium Heavy Treads? 26261 | -4/Factory | Loaded intel: 8 recycling unit locations 26346 | -4/Factory | Discovered new exit (range 5) 26350 | -4/Factory | Identified exit to Research 26698 | -4/Factory | Garrison activated, responded to threat 27700 | -4/Factory | Discovered exit to Research (range 13) 27820 | -4/Factory | Discovered exit to Research (range 10) 28098 | -4/Factory | Destroyed 11 combat bots 28155 | -4/Factory | Spotted B-86 Titan 28186 | -4/Factory | Destroyed B-86 Titan 28215 | -4/Factory | Lost 6 parts (1n1u4w) 28405 | -4/Factory | First assault squad dispatched 28518 | -4/Factory | System corruption reached 10% 28541 | -4/Factory | Destroyed 7 combat bots 28734 | -4/Factory | Lost 5 parts (2p3w) 28929 | -4/Factory | Identified exit to Upper Caves 29284 | -4/Factory | Core integrity fell below 50% 29376 | -4/Factory | Entered Upper Caves 29405 | -4/Upper Caves | Lost 6 parts (1n5w) 29657 | -4/Upper Caves | Build established: Scavenger-Mutant 30035 | -4/Upper Caves | Lost 5 parts (1p2n2w) 30327 | -4/Upper Caves | Build established: Scavenger-Skirmisher 30418 | -4/Upper Caves | Attacked by a delusional Derelict stockpiling Unaware 30453 | -4/Upper Caves | Spotted B-86 Titan 31022 | -4/Upper Caves | Discovered new exit (range 6) 31329 | -4/Upper Caves | Identified exit to Upper Caves 31337 | -4/Upper Caves | Entered another Upper Caves area 31337 | -4/Upper Caves | Accompanied by 1 ally 31453 | -4/Upper Caves | Discovered exit to Research (range 9) 31457 | -4/Upper Caves | Learned Research garrison access intel 31754 | -4/Upper Caves | Entered a destroyed Warlord outpost 31879 | -4/Upper Caves | Encountered a Warlord checkpoint 32410 | -4/Upper Caves | Discovered new exit (range 12) 32727 | -4/Upper Caves | Identified exit to Warlord 32741 | -4/Upper Caves | Entered Warlord 32771 | -4/Warlord | Discovered new exit (range 23) 32809 | -4/Warlord | System corruption cleaned by Quarantine Array 32904 | -4/Warlord | Learned 4 Command zone layouts 32906 | -4/Warlord | Learned Armory terminal intel 33224 | -4/Warlord | Visited the Vortex Lab 33235 | -4/Warlord | Warlord's base attacked by MAIN.C 33239 | -4/Warlord | Found Prototype Energy Gun 33239 | -4/Warlord | Identified Vortex Rail 33243 | -4/Warlord | Found Vortex Rail 33369 | -4/Warlord | Found Prototype Device 33372 | -4/Warlord | Identified System Purifier 33380 | -4/Warlord | Found Prototype Hackware 33381 | -4/Warlord | Identified System Mapper 33392 | -4/Warlord | Found Prototype Device 33400 | -4/Warlord | Found Prototype Reactor 33477 | -4/Warlord | Found Prototype Energy Gun 33477 | -4/Warlord | Identified Plasma Storm 33585 | -4/Warlord | Warlord forces counterattacked 33640 | -4/Warlord | Rebuked by Warlord 33663 | -4/Warlord | Identified Vortex Chain Reactor 33676 | -4/Warlord | Identified Exp. Phase Shifter 33842 | -4/Warlord | Spotted Striker 33848 | -4/Warlord | Destroyed Striker 33875 | -4/Warlord | Destroyed Striker 33909 | -4/Warlord | Spotted Executioner 33910 | -4/Warlord | Warlord base infiltrated, sounded retreat 33911 | -4/Warlord | Destroyed Executioner 33924 | -4/Warlord | Spotted Executioner 33930 | -4/Warlord | Destroyed Executioner 33951 | -4/Warlord | Destroyed 25 combat bots 34015 | -4/Warlord | Build established: Scavenger-Tank 34046 | -4/Warlord | Identified exit to Proximity Caves 34048 | -4/Warlord | Entered Proximity Caves 34341 | -3/Proximity Caves | Build established: Scavenger-Skirmisher 34830 | -3/Proximity Caves | Attracted the attention of an 0b10 checkpoint 35766 | -3/Proximity Caves | Discovered exit to Research (range 20) 35876 | -3/Proximity Caves | Entered Research 35876 | -3/Research | Evolved 2 slots: Utility x1, Weapon x1 35877 | -3/Research | Identified exit to Research 35878 | -3/Research | Identified exit to Quarantine 35879 | -3/Research | Loaded intel: 108 machine locations 35880 | -3/Research | Loaded intel: 3 garrison access locations 35892 | -3/Research | Loaded intel: 5 recycling unit locations 36076 | -3/Research | Revision forces began assault on 0b10 36118 | -3/Research | Met up with Revision 17++ 36148 | -3/Research | Discovered exit to Research (range 31) 36176 | -3/Research | Build established: Scavenger-Executioner 36576 | -3/Research | Research terminal network offline 36610 | -3/Research | Spotted B-86 Titan 36662 | -3/Research | Found Prototype Launcher 36779 | -3/Research | Identified Tactical Quantum Warhead 36837 | -3/Research | Lost 3 allies 36870 | -3/Research | Spotted Striker 36872 | -3/Research | Spotted Striker 36875 | -3/Research | Destroyed Striker 36876 | -3/Research | Destroyed Striker 36907 | -3/Research | Discovered exit to Quarantine (range 15) 36907 | -3/Research | Spotted B-90 Cyclops 36915 | -3/Research | Destroyed B-90 Cyclops 36986 | -3/Research | Build established: Executioner 37042 | -3/Research | Entered Quarantine 37427 | -3/Quarantine | Build established: Hacker-Executioner 37737 | -3/Quarantine | Found Alien Artifact 37737 | -3/Quarantine | Identified Phase Armor 38094 | -3/Quarantine | System corruption reached 10% 38094 | -3/Quarantine | Spotted Alpha 7 38165 | -3/Quarantine | Scanned by Researcher 38250 | -3/Quarantine | Destroyed Alpha 7 38291 | -3/Quarantine | Destroyed 7 combat bots 38320 | -3/Quarantine | Entered Research 38320 | -2/Research | Evolved 2 slots: Propulsion x2 38422 | -2/Research | Identified exit to Testing 38775 | -2/Research | Discovered new exit (range 8) 38897 | -2/Research | Entered Testing 39149 | -2/Testing | Found Prototype Device 39177 | -2/Testing | Identified Thermal Barrier 39327 | -2/Testing | Found Prototype Launcher 39329 | -2/Testing | Identified Tesla Bomb Launcher 39331 | -2/Testing | Found Tesla Bomb Launcher 39342 | -2/Testing | Discovered new exit (range 13) 39363 | -2/Testing | Found Prototype Energy Cannon 39363 | -2/Testing | Identified Cld. Nova Cannon 39455 | -2/Testing | Found Prototype Energy Cannon 39455 | -2/Testing | Identified Null Cannon 39533 | -2/Testing | Destroyed 7 combat bots 39610 | -2/Testing | Lost 4 parts (1u3w) 39695 | -2/Testing | Found Prototype Processor 39714 | -2/Testing | Identified Exp. Melee Analysis Suite 39796 | -2/Testing | Crushed by falling debris 39797 | -2/Testing | System corruption reached 10% 39799 | -2/Testing | Found Prototype Energy Cannon 39802 | -2/Testing | Identified Potential Cannon 39846 | -2/Testing | Spotted Striker 40510 | -2/Testing | Spotted Fortress 40617 | -2/Testing | Discovered new exit (range 6) 40617 | -2/Testing | Discovered new exit (range 7) 40629 | -2/Testing | Entered Protoforge 40646 | -2/Protoforge | Spotted Hotshot 40648 | -2/Protoforge | Spotted Hotshot 40727 | -2/Protoforge | Superfortress began startup sequence 41005 | -2/Protoforge | Spotted EXE-6 41011 | -2/Protoforge | Spotted EXE-6 41042 | -2/Protoforge | Spotted SKR-2 41050 | -2/Protoforge | Spotted SKR-2 41050 | -2/Protoforge | Spotted SKR-2 41085 | -2/Protoforge | Destroyed SKR-2 41087 | -2/Protoforge | Destroyed SKR-2 41089 | -2/Protoforge | Destroyed SKR-2 41100 | -2/Protoforge | Destroyed EXE-6 41101 | -2/Protoforge | Core integrity fell below 50% 41121 | -2/Protoforge | Destroyed EXE-6 41140 | -2/Protoforge | Lost 4 parts (1n2u1w) 41188 | -2/Protoforge | UFD initiated attack on Protoforge 41188 | -2/Protoforge | Loaded intel: 3 recycling unit locations 41224 | -2/Protoforge | Optimus greeted in Protoforge 41225 | -2/Protoforge | Scraphulk reinforcements arrived? 41318 | -2/Protoforge | Build established: Pyromaniac-Executioner 41357 | -2/Protoforge | Found Prototype Energy Gun 41358 | -2/Protoforge | Identified Enh. Gamma Rifle 41405 | -2/Protoforge | Spotted AP7-3 41429 | -2/Protoforge | Spotted AP7-3 41454 | -2/Protoforge | Lost 4 allies 41463 | -2/Protoforge | Spotted Hotshot 41464 | -2/Protoforge | Spotted Hotshot 41464 | -2/Protoforge | Spotted Overlord 41468 | -2/Protoforge | Spotted Executioner 41477 | -2/Protoforge | Spotted Executioner 41488 | -2/Protoforge | Spotted Striker 41490 | -2/Protoforge | Spotted Striker 41496 | -2/Protoforge | Found Unknown Device 41498 | -2/Protoforge | Identified Scrap Suit 41502 | -2/Protoforge | Destroyed Striker 41525 | -2/Protoforge | Found Prototype Processor 41525 | -2/Protoforge | Identified Exp. Targeting Computer 41529 | -2/Protoforge | Lost 9 allies 41532 | -2/Protoforge | Spotted Executioner 41532 | -2/Protoforge | Spotted Striker 41534 | -2/Protoforge | Lost 4 parts (1n2u1w) 41541 | -2/Protoforge | Destroyed Executioner 41571 | -2/Protoforge | Lost 3 allies 41577 | -2/Protoforge | Found Scrap Suit 41590 | -2/Protoforge | Found Prototype Device 41593 | -2/Protoforge | Found Prototype Processor 41597 | -2/Protoforge | P-80 Master assimilated allied Lugger 545 41600 | -2/Protoforge | Identified Exp. Core Analyzer 41607 | -2/Protoforge | Lost 4 parts (1p1n2u) 41610 | -2/Protoforge | Identified Exp. Remote Shield 41618 | -2/Protoforge | Found UFD Drillbomb 41633 | -2/Protoforge | Lost 3 allies 41638 | -2/Protoforge | Found Prototype Device 41639 | -2/Protoforge | Identified Adv. Kinecellerator 41654 | -2/Protoforge | Spotted Striker 41656 | -2/Protoforge | Spotted Striker 41659 | -2/Protoforge | Spotted Executioner 41664 | -2/Protoforge | Spotted Executioner 41667 | -2/Protoforge | P-80 Master assimilated allied 02F49-D 41683 | -2/Protoforge | Destroyed Executioner 41688 | -2/Protoforge | Build established: Scavenger-Executioner 41700 | -2/Protoforge | Destroyed Executioner 41717 | -2/Protoforge | Lost 10 allies 41734 | -2/Protoforge | Destroyed 7 combat bots 41737 | -2/Protoforge | Lost 3 parts (1n1u1w) 41743 | -2/Protoforge | Spotted Striker 41767 | -2/Protoforge | Destroyed Striker 41767 | -2/Protoforge | Spotted Executioner 41777 | -2/Protoforge | Core integrity fell below 20% 41786 | -2/Protoforge | Destroyed Executioner 41801 | -2/Protoforge | P-80 Master assimilated allied 02F69-D 41819 | -2/Protoforge | Lost 5 parts (5w) 41929 | -2/Protoforge | Spotted Striker 41933 | -2/Protoforge | Spotted Striker 41934 | -2/Protoforge | Destroyed Striker 41942 | -2/Protoforge | Spotted Striker 41945 | -2/Protoforge | Spotted Executioner 41950 | -2/Protoforge | Destroyed Executioner 41997 | -2/Protoforge | Lost 14 allies 42073 | -2/Protoforge | Lost 7 allies 42179 | -2/Protoforge | Found 0bPrime Scrap Suit 42195 | -2/Protoforge | Found Exp. Core Analyzer 42253 | -2/Protoforge | Found UFD Drillbomb 42321 | -2/Protoforge | Lost 9 allies 42377 | -2/Protoforge | Installed UFD Drillbomb at designated target 42377 | -2/Protoforge | UFD reported confirmed Drillbomb installation 42461 | -2/Protoforge | Build established: Scavenger-Scrapper 42502 | -2/Protoforge | Found UFD Drillbomb 42651 | -2/Protoforge | Spotted Executioner 42652 | -2/Protoforge | Lost 3 allies 42652 | -2/Protoforge | Spotted Striker 42686 | -2/Protoforge | Destroyed by Executioner with Helical Railgun Last Messages --------------- not involved in other operations escort to target. 42626_ System corrupted: Matter fused (-7). 42643_ OZAI= X=%M2JROE6PRE FVR 42651_ N-04 Retriever collects Hvy. Laser. 42651_ N-04 Retriever collects Adv. Heat Sink. 42651_ N-04 Retriever collects Unknown Energy Gun. 42660_ Penetrated by Slug. 42660_ N-04 Retriever collects Phase Gun. 42661_ Acquired 21 matter. 42663_ System corrupted: Energy discharge (-76). 42673_ Knocked back. 42677_ System corrupted: Null Cannon failed to cycle. 42685_ C-30 ARC bursts open, deploying its payload. 42685_ S-43 Plague unfolds itself. 42685_ B-74 Champion unfolds itself. 42686_ Penetrated by Slug. Map ----- +----------------------------------------------------+ | ### +?? # = %% "% %!!% ![ " "# % | | ? #??? ###""%"% "" %"""#"% %"!!! "# % | | ? #??? # ! % %& % " % % "#%%% | | ?? ^ ^#???? ## " % % %%"%% % %%%%"%"" | | ###^ #???? ## " "%"%"%% % "%%%"" " | | ??# ######" % % % %% %%%" " %% %%""%%"% " | | ??# ### % % &% % %"% % "" | | ??# ##?## =[!% "% % %% & "#%% % % | | ??# #### =!%% %% % % %% %#####"###"# % | | ??# ##""#""""%%%% %!% %%###### # # %%% | | ??# %% %%& % % *%%% ########### | | ### [ %% % % %% %% ##??# " | | ##" " %%[[=/=!; "##### ##??# """ | | ### % *=!* " " " [!;%%! # ##??# " "" | | ##" "" " [ " # # =#%|! + ##### "" | | "%%""%" # # # #[= #+##### | | #### ##"#"###;;% %#####+###;#" " # ### | | #### # %%=%& % "; ;% " # " ### """ | | #### " "" ="" "; b ## ##%# # " ### " | | ??## # """# # """""" ## # # " ### | | ??## # """# p# "" " " ##%# # ### | | ??? # + %e ## # # ### "" | | ??#### """# #E ## ###+#" ### "" | | ??#### """# %#Ks #" ### ######## "" | | ??#### """####"## ## ### ######?# | | ??#### ####### @ ;; ###+######## | | ??###########"############;#### ### ### | | ??###### "############## # """" ### " | | ######## # " # """" ### | | ???????# + " +[!""" ### " | | ????? #""" # #|"% " ### | | ????? ?#""" ### ########### #[! % " | | ???" ??#""" ### ###################!"##### "" | | ?????? # ### ####???###########=#*##### " | | ????? ?#""" # ##???#?#??#????#### #??# "" " | | ?"???? #""" # ##???###?#?#???????##??# " | | ??""???#""" # #####?#???#????????????# | | ????? ?#? # ##?????#??????#????????# | | ???????#######" ##???#?#?#?#?###???????# "" | | #############"## ####?#??#?##???#????????# """ | | ### ###???##???##?#?????????####### | | """ """" ### ##??#????##???#???????????????? | | """ """" ### # ??##?###?#????#?????????????? | | """ """" ### # #?##????#????#######????????? | | """" ### # #######?#?##########????????? | | ### %#########???#####???##????????? | | ###+############ # ? ##??###?? ???##????????? | | ########### # ###?###??????##????????? | | ###??##??##?###????????? | | ##??#######?###????????? | +----------------------------------------------------+ Best States ------------- Heat Dissipation 124 Coolant Potential 120 Energy Generation 80 Energy Capacity 925 Matter Stores 300 Matter Capacity 300 Sight Range 22 Robot Scan Range 18 Terrain Scan Range 20 Terrain Scan Density 10 Jamming Range 14 Power Amplification 30 Base Temperature (-) 200 EM Shielding 2 Armor Coverage 1500 Resistance: KI 40 Weapon Cycling 20 Phase Shifting 20 Evasion (%) 60 Targeting Accuracy 12 Launcher Accuracy 40 Target Analysis 8 Core Analysis 9 Recoil Reduction 6 Matter Filtering 30 Kinecelleration 50 Salvage Targeting 3 Offensive Hacking 30 Defensive Hacking 14 Item Schematics ----------------- Assault Drone Bay | -5/Zhirov | Free Exp. Heat Sink | -5/Zhirov | Free Exp. Optical Array | -5/Zhirov | Free Imp. Arc Thrower | -5/Zhirov | Free Cld. Nuclear Pulse Thruster | -2/Testing | Archive Robot Schematics ------------------ M-30 Cleanser | -3/Quarantine | Archive A-02 Transporter | -2/Testing | Archive Fabricated ------------ Nothing Repaired ---------- Centrium Heavy Treads | 29% | -5/Factory Centrium Heavy Treads | 17% | -4/Factory Alien Tech Used ----------------- Integrated Reactor Phase Armor Achievements -------------- Gunslinger Challenges ------------ None Game ------ Seed EtherialJunkDrive Manual? 0 Play Time 09:14:33 Cumulative 580.0 hours Start 2025.05.13 @ 16:53:46 End 2025.05.14 @ 19:18:02 Sessions 3 Manual Loads 0 Difficulty Rogue Special Mode None Game No. 128 Rogue 128 Adventurer 0 Explorer 0 Win Type - Total 33 Types 10/3/7/1/1/1/8/1/1/0 Lore% 66 Gallery% 78 Achievement% 79 Wizard Run 0 Options --------- Layout 1 ASCII 0 Keyboard 0 Movement Mouse Keybinds 0 Fullscreen 1 Font 24/Smallcaps Map View 50x35 Zoom Use 2% Tactical HUD 1 Map Filters NONE Filters NONE Steam 1 RUN: f3e70ace-b339-4762-a95e-fb4034649382